 Dungeon Crawl Stone Soup version 0.25.0-9-g26727b657a (webtiles) character file.

Game seed: 4070908967100458077

(classic levelgen) 1672150 EnegeticOcto the Severer (level 27, 222/222 HPs)
             Began as a Gnoll Skald on June 18, 2020.
             Was the Champion of Qazlal.
             Escaped with the Orb
             ... and 3 runes!
             The game lasted 02:26:20 (78099 turns).

EnegeticOcto the Severer (Gnoll Skald)             Turns: 78099, Time: 02:26:20

Health: 222/222    AC: 40    Str: 19    XL:     27
Magic:  46/46      EV: 21    Int: 17    God:    Qazlal [******]
Gold:   4218       SH: 40    Dex: 17    Spells: 30/64 levels left

rFire    + + .     SeeInvis .   a - +7 Singing Sword {vorpal, sonic wave}
rCold    + . .     Gourm    .   W - +10 tower shield of Ignorance {rN+ Int-4}
rNeg     + . .     Faith    .   z - +9 scales of the Dragon King {rPois rF+ rC+ MR+}
rPois    +         Spirit   .   s - +2 helmet
rElec    +         Reflect  .   D - +2 cloak of Damocvih {rCorr Str+3}
rCorr    +         Harm     .   o - +2 pair of gloves {Str+3}
MR       ++++.                  x - +2 pair of boots
Stlth    ..........             B - amulet of the Air {Inacc +Fly rElec EV+5 RMsl}
HPRegen  0.47/turn              d - +4 ring of evasion
MPRegen  0.30/turn              v - ring "Yfukalutt" {+Blink rPois rF+ MR+}

@: repel missiles
A: distributed training, fangs 1, hooves 1, blurry vision 2, deformed body,
dopey 2, weak 1, subdued magic 1, strong nose
0: Orb of Zot
}: 3/15 runes: decaying, serpentine, silver
a: Upheaval, Elemental Force, Disaster Area, Renounce Religion, Evoke Blink,
Evoke Flight


You escaped.
You worshipped Qazlal.
Qazlal was exalted by your worship.
You were very full.

You visited 9 branches of the dungeon, and saw 49 of its levels.
You visited 1 bazaar.
You also visited: Sewer, Ossuary and Ice Cave.

You collected 10241 gold pieces.
You spent 6023 gold pieces at shops.

Inventory:

Hand Weapons
 a - the +7 Singing Sword (weapon) {vorpal, sonic wave}
   (You found it on level 6 of the Dungeon)

   It inflicts extra damage upon your enemies.
 b - the +7 sceptre of Torment {pain, torment}
   (You took it off a deep elf death mage on level 3 of the Elven Halls)

   In the hands of one skilled in necromantic magic, it inflicts extra damage on
   living creatures.
Missiles
 f - 6 throwing nets (quivered) {!f}
 k - 1503 arrows
 t - 10 curare-tipped darts
Armour
 o - a +2 pair of gloves of strength (worn)
 s - a +2 helmet (worn)
 x - a +2 pair of boots (worn)
 z - the +9 scales of the Dragon King (worn) {rPois rF+ rC+ MR+}
   (You took it off a deep elf high priest on level 3 of the Elven Halls)

   It protects you from fire.
   It protects you from cold.
   It protects you from poison.
   It affects your resistance to hostile enchantments.
 D - the +2 cloak of Damocvih (worn) {rCorr Str+3}
   (You bought it in a shop on level 2 of the Orcish Mines)

   It affects your strength (+3).
   It provides partial protection from all sources of acid and corrosion.
 W - the +10 tower shield of Ignorance (worn) {rN+ Int-4}
   (You found it on level 2 of the Swamp)

   It affects your intelligence (-4).
   It protects you from negative energy.
Magical Staves
 I - an uncursed staff of energy
Jewellery
 d - a +4 ring of evasion (left hand)
 v - the ring "Yfukalutt" (right hand) {+Blink rPois rF+ MR+}
   (You bought it in a shop in a bazaar)

   [ring of poison resistance]

   It protects you from fire.
   It protects you from poison.
   It affects your resistance to hostile enchantments.
   It lets you blink.
 B - the amulet of the Air (around neck) {Inacc +Fly rElec EV+5 RMsl}
   (You found it on level 3 of the Elven Halls)

   [amulet of inaccuracy]

   It reduces the accuracy of all your attacks.
   It affects your evasion (+5).
   It insulates you from electricity.
   It lets you fly.
   It protects you from missiles.
Wands
 l - a wand of iceblast (11) {@v2}
 K - a wand of acid (24) {@v1}
 M - a wand of polymorph (13)
 R - a wand of paralysis (37)
 U - a wand of digging (5) {@v3}
 X - a wand of enslavement (44)
 Z - a wand of clouds (25)
Scrolls
 i - 35 scrolls of teleportation {@r3 !r}
 p - 15 scrolls of fog {!r}
 q - 8 scrolls of fear {!r}
 r - 2 scrolls of summoning
 A - 10 scrolls of blinking {@r4}
 J - 3 scrolls of magic mapping {@r5 !r}
 N - 2 scrolls of holy word
 O - 11 scrolls of identify {@r1}
 P - 11 scrolls of immolation
 Y - 2 scrolls of silence
Potions
 c - 11 potions of haste {@q4 !q}
 h - 26 potions of curing {@q1 !q}
 j - 15 potions of might {@q3 !q}
 m - 6 potions of magic
 n - 17 potions of stabbing {@q5 !q}
 w - 4 potions of ambrosia
 C - 8 potions of resistance
 E - 10 potions of mutation
 H - 10 potions of lignification {@q6}
 Q - 4 potions of cancellation
 S - 6 potions of heal wounds {@q2 !q}
 T - 6 potions of berserk rage
 V - 3 potions of invisibility
Miscellaneous
 g - a lightning rod (4/4)
 y - 3 phantom mirrors
 F - a tin of tremorstones (3/3)
 G - 3 boxes of beasts
 L - a phial of floods
Comestibles
 e - 48 rations


   Skills:
 + Level 19.4 Fighting
 + Level 19.0 Short Blades
 + Level 19.0 Long Blades
 + Level 20.9 Axes
 + Level 19.0 Maces & Flails
 + Level 19.4 Polearms
 + Level 19.0 Staves
 + Level 19.0 Slings
 + Level 19.0 Bows
 + Level 19.0 Crossbows
 + Level 19.0 Throwing
 + Level 19.1 Armour
 + Level 19.4 Dodging
 + Level 19.0 Stealth
 + Level 19.0 Shields
 + Level 19.0 Unarmed Combat
 + Level 19.4 Spellcasting
 + Level 16.4 Conjurations
 + Level 16.4 Hexes
 + Level 17.1 Charms
 + Level 16.4 Summonings
 + Level 16.4 Necromancy
 + Level 16.4 Translocations
 + Level 16.4 Transmutations
 + Level 16.4 Fire Magic
 + Level 16.4 Ice Magic
 + Level 16.4 Air Magic
 + Level 16.4 Earth Magic
 + Level 16.4 Poison Magic
 + Level 20.4 Invocations
 + Level 19.0 Evocations


You had 30 spell levels left.
You knew the following spells:

 Your Spells              Type           Power        Failure   Level  Hunger
a - Apportation           Tloc           ######       1%          1    None
b - Song of Slaying       Chrm           ######..     1%          2    None
c - Frozen Ramparts       Ice            ######       1%          3    None
d - Ozocubu's Armour      Chrm/Ice       ######..     1%          3    None
e - Lesser Beckoning      Tloc           ######....   1%          3    None
f - Gell's Gravitas       Tloc           ######....   1%          3    None
g - Infusion              Chrm           ####         1%          1    None
i - Yara's Violent Unrav  Hex/Tmut       ######....   7%          5    ###....
j - Sticks to Snakes      Tmut           ######..     1%          2    None
p - Passwall              Tmut/Erth      ######..     1%          2    None
M - Borgnjor's Vile Clut  Necr/Erth      ######....   7%          5    ###....
V - Swiftness             Chrm/Air       ######..     1%          2    None
Y - Blink                 Tloc           N/A          1%          2    None

Your spell library contained the following spells:

 Spells                   Type           Power        Failure   Level  Hunger
 Animate Skeleton         Necr           N/A          1%          1    None
 Beastly Appendage        Tmut           ######       1%          1    None
 Corona                   Hex            ######.      1%          1    None
 Foxfire                  Conj/Fire      ####         1%          1    None
 Freeze                   Ice            ####         1%          1    None
 Magic Dart               Conj           ####         1%          1    None
 Sandblast                Erth           ######       1%          1    None
 Summon Small Mammal      Summ           ####         1%          1    None
 Call Imp                 Summ           ######..     1%          2    None
 Corpse Rot               Necr/Air       N/A          1%          2    None
 Ensorcelled Hibernation  Hex/Ice        ######       1%          2    None
 Poisonous Vapours        Pois/Air       ######       1%          2    None
 Searing Ray              Conj           ######       1%          2    None
 Shroud of Golubria       Chrm/Tloc      ######       1%          2    None
 Slow                     Hex            ######..     1%          2    None
 Confusing Touch          Hex            ######..     1%          3    None
 Conjure Flame            Conj/Fire      ######..     1%          3    None
 Dazzling Flash           Conj/Hex       ######       1%          3    None
 Ignite Poison            Fire/Tmut/Pois ######..     1%          3    None
 Inner Flame              Hex/Fire       ######..     1%          3    None
 Mephitic Cloud           Conj/Pois/Air  ######..     1%          3    None
 Portal Projectile        Hex/Tloc       ######       1%          3    None
 Recall                   Summ/Tloc      N/A          1%          3    None
 Spectral Weapon          Hex/Chrm       ######..     1%          3    None
 Spider Form              Tmut/Pois      ######....   1%          3    None
 Stone Arrow              Conj/Erth      ######       1%          3    None
 Teleport Other           Tloc           ######..     1%          3    None
 Tukima's Dance           Hex            ######..     1%          3    None
 Animate Dead             Necr           N/A          2%          4    None
 Cause Fear               Hex            ######....   2%          4    None
 Fulminant Prism          Conj/Hex       ######....   2%          4    None
 Hailstorm                Conj/Ice       ######..     2%          4    None
 Ice Form                 Ice/Tmut       ######..     2%          4    None
 Iskenderun's Mystic Bla  Conj/Tloc      ######..     2%          4    None
 Leda's Liquefaction      Hex/Erth       ######....   2%          4    None
 Petrify                  Tmut/Erth      ######..     2%          4    None
 Sticky Flame             Conj/Fire      ######..     2%          4    None
 Summon Ice Beast         Ice/Summ       ######..     2%          4    None
 Summon Lightning Spire   Summ/Air       ######..     2%          4    None
 Excruciating Wounds      Chrm/Necr      ######....   5%          5    ###....
 Iskenderun's Battlesphe  Conj/Chrm      ######..     5%          5    ###....
 Blade Hands              Tmut           ######....   7%          5    ###....
 Bolt of Magma            Conj/Fire/Erth ######....   7%          5    ###....
 Fireball                 Conj/Fire      ######....   7%          5    ###....
 Lee's Rapid Deconstruct  Erth           ######....   7%          5    ###....
 Metabolic Englaciation   Hex/Ice        ######....   7%          5    ###....
 Silence                  Hex/Air        ######....   7%          5    ###....
 Summon Forest            Summ/Tloc      ######....   7%          5    ###....
 Conjure Ball Lightning   Conj/Air       ######....   36%         6    #####..
 Darkness                 Hex            ######....   36%         6    #####..
 Death Channel            Necr           ######....   36%         6    #####..
 Eringya's Noxious Bog    Tmut/Pois      ######....   36%         6    #####..
 Freezing Cloud           Conj/Ice/Air   ######....   36%         6    #####..
 Hydra Form               Tmut           ######....   36%         6    #####..
 Iron Shot                Conj/Erth      ######....   36%         6    #####..
 Ozocubu's Refrigeration  Ice            ######....   36%         6    #####..
 Shadow Creatures         Summ           N/A          36%         6    #####..
 Simulacrum               Ice/Necr       ######....   36%         6    #####..
 Dragon Form              Tmut           ######....   92%         7    ######.
 Haunt                    Necr/Summ      ######....   92%         7    ######.
 Malign Gateway           Summ/Tloc      ######....   92%         7    ######.
 Monstrous Menagerie      Summ           ######....   92%         7    ######.
 Orb of Destruction       Conj           ######....   92%         7    ######.
 Spellforged Servitor     Conj/Summ      ######....   92%         7    ######.
 Summon Greater Demon     Summ           ######....   92%         7    ######.
 Summon Hydra             Summ           ######....   92%         7    ######.
 Borgnjor's Revivificati  Necr           ######....   100%        8    #######
 Chain Lightning          Conj/Air       ######....   100%        8    #######
 Death's Door             Chrm/Necr      ######....   100%        8    #######
 Infestation              Necr           ######....   100%        8    #######
 Lehudib's Crystal Spear  Conj/Erth      ######....   100%        8    #######
 Necromutation            Tmut/Necr      ######....   100%        8    #######
 Summon Horrible Things   Summ           ######....   100%        8    #######
 Absolute Zero            Ice            ######....   100%        9    #######
 Fire Storm               Conj/Fire      ######....   100%        9    #######
 Tornado                  Air            ######....   100%        9    #######
 Passage of Golubria      Tloc           Unusable     N/A         4    N/A

Dungeon Overview and Level Annotations

Branches:
Dungeon (15/15)            Temple (0/1) D:7            Lair (6/6) D:9
  Swamp (4/4) Lair:4        Snake (4/4) Lair:3        Slime (0/5) Lair:5
    Orc (2/2) D:12            Elf (3/3) Orc:2        Vaults (5/5) D:13
  Crypt (0/3) Vaults:2     Depths (5/5) D:15            Zot (5/5) Depths:5
  Sewer (visited)         Ossuary (visited)           IceCv (visited)

Altars:
Ashenzari
Cheibriados
Dithmenos
Fedhas
Nemelex Xobeh
Okawaru
Qazlal
Ru
Uskayaw
Vehumet
Wu Jian
Yredelemnul
Beogh

Shops:
D:10 (   D:11 *   D:15 [   Orc:2 ([:[*   Elf:1 %(}   Vaults:1 ?   Vaults:2 =
Depths:5 *?%

Portals:
Hell: Depths:1 Depths:2 Depths:3 Depths:4 Depths:5
Abyss: Depths:1 Depths:4
Pandemonium: Depths:1 Depths:2 Depths:3 Depths:5
Ziggurat: Depths:3
Trove: D:15 (give +2 gold dragon scales)

Annotations:
D:5 1 exclusion
D:15 2 runed translucent doors, kelmiir's ghost, journeyman DrBe
Lair:1 1 runed translucent door, exclusion: oklob plant, Fv001's ghost, novice FoMo
Swamp:4 exclusion: 3 oklob plants
Orc:1 3 runed translucent doors, exclusion: 3 doors, kitty14015's ghost, journeyman MiFi
Elf:1 6 runed translucent doors
Elf:2 3 runed translucent doors
Zot:5 1 exclusion


Innate Abilities, Weirdness & Mutations

Your experience applies equally to all skills.
You have very sharp teeth.
Your uncanny sense of smell can sniff out nearby items.
You have large cloven feet.
Scrolls take you longer to read.
Armour fits poorly on your strangely shaped body.
You are very dopey. (Int -4)
You are weak. (Str -2)
Your spells are a little easier to cast, but a little less powerful.


Message History

The Ice Fiend is heavily wounded.
The Ice Fiend struggles against the net.
You slice the Ice Fiend!!
You bite the Ice Fiend, but do no damage.
The Ice Fiend is severely wounded.
The Ice Fiend gestures at you. The bolt of cold hits you! You resist.
You hear a sizzling sound!
The Ice Fiend struggles against the net.
The net rips apart, and the Ice Fiend comes free!
You closely miss the Ice Fiend. Your bite misses the Ice Fiend.
The Ice Fiend is severely wounded.
You slice the Ice Fiend!!
You kill the Ice Fiend!
Qazlal accepts your kill.
(D) Dungeon (T) Temple (L) Lair (S) Swamp (P) Snake Pit (M) Slime Pits (O) Orcish Mines (E) Elven Halls (V) Vaults (C) Crypt (U) Depths (H) Hell (Z) Zot
Where to? (Enter - D:1 @ (x,y), ? - help)
You see here a shortbow.
HP restored.
There is a stone staircase leading up here.
You climb upwards.
There is a stone staircase leading down here.
There is a stone staircase leading up here.
You climb upwards.
There is a stone staircase leading down here.
A green death comes into view.
The green death roars!
The green death gestures at you.
There is a stone staircase leading up here.
You climb upwards.
Level annotation: 1 exclusion
There is a stone staircase leading down here.
(D) Dungeon (T) Temple (L) Lair (S) Swamp (P) Snake Pit (M) Slime Pits (O) Orcish Mines (E) Elven Halls (V) Vaults (C) Crypt (U) Depths (H) Hell (Z) Zot
Where to? (Enter - D:1 @ (x,y), ? - help)
There is a stone staircase leading up here.
You climb upwards.
There is a stone staircase leading down here.
There is a stone staircase leading up here.
You climb upwards.
There is a stone staircase leading down here.
There is a stone staircase leading up here.
You climb upwards.
There is a stone staircase leading down here.
An Ice Fiend comes into view.
The Ice Fiend roars!
Throwing (i - inventory. (/) - cycle)
f - 6 throwing nets (quivered)
{!f}
Press: ? - help, Shift-Dir - straight line, f - Ice Fiend
Aim: an Ice Fiend Really fire
f - 6 throwing nets {!f}?
You throw a throwing net {!f}.
The throwing net {!f} hits the Ice Fiend.
The Ice Fiend is caught in the net!
The Ice Fiend struggles against the net.
Evoke which item? (* to show all) (? for menu, Esc to quit)
Aiming: Corrosive Bolt
Press: ? - help, Shift-Dir - straight line, f/p - Ice Fiend
Aim: an Ice Fiend (entangled in a net)
The bolt of acid hits the Ice Fiend!!
The Ice Fiend is splashed with acid.
The Ice Fiend is moderately wounded.
The Ice Fiend struggles against the net.
Evoke which item? (* to show all) (? for menu, Esc to quit)
Aiming: Corrosive Bolt
Press: ? - help, Shift-Dir - straight line, f/p - Ice Fiend
Aim: an Ice Fiend (moderately wounded, entangled in a net)
The bolt of acid hits the Ice Fiend!!
The Ice Fiend is splashed with acid!
The Ice Fiend is severely wounded.
The Ice Fiend struggles against the net.
Evoke which item? (* to show all) (? for menu, Esc to quit)
Aiming: Corrosive Bolt
Press: ? - help, Shift-Dir - straight line, f/p - Ice Fiend
Aim: an Ice Fiend (severely wounded, entangled in a net)
The bolt of acid hits the Ice Fiend!
The Ice Fiend is splashed with acid.
The acid corrodes the Ice Fiend!
The Ice Fiend is almost dead.
The Ice Fiend struggles against the net.
Evoke which item? (* to show all) (? for menu, Esc to quit)
Aiming: Corrosive Bolt
Press: ? - help, Shift-Dir - straight line, f/p - Ice Fiend
Aim: an Ice Fiend (almost dead, entangled in a net, covered in acid)
The bolt of acid hits the Ice Fiend!
The Ice Fiend is splashed with acid!
The Ice Fiend seems to be corroded for longer.
You kill the Ice Fiend!
Qazlal accepts your kill.
(D) Dungeon (T) Temple (L) Lair (S) Swamp (P) Snake Pit (M) Slime Pits (O) Orcish Mines (E) Elven Halls (V) Vaults (C) Crypt (U) Depths (H) Hell (Z) Zot
Where to? (Enter - D:1 @ (x,y), ? - help)
f - 6 throwing nets {!f} (gained 1)
There is a stone staircase leading up here.
You climb upwards.
There is a stone staircase leading down here.
There is a staircase leading out of the dungeon here.
You have escaped!

#....# ##....### ####.#
#.....# #.#
######.###########
#.####≈≈≈≈♣.♣≈≈≈≈#....#
#....#≈...♣.♣...≈####.#
####.#≈.♣.....P.≈# #.#
#.#≈♣♣♣°.☼PPP≈####.#####
#.#♣.♣.§○..P.♣#........#
#..≈....@..°....##.###.#
###♣..°.§..P.♣####.# #.#
#≈....○.PPP≈####.# #.##
#≈.......P.≈#....# #...
#≈≈≈≈♣≈♣≈≈≈≈##.########
######.#######.........
#####.#..##.###.########
#.....##........#
#.###########...#


There were no monsters in sight!

Vanquished Creatures
  5 orbs of fire
  A juggernaut (Depths:3)
  Mara (Swamp:3)
  12 ancient liches
  Sojobo (Depths:2)
  Boris (twice) (Depths:3 Vaults:4)
  Frederick (Vaults:2)
  Bai Suzhen (Vaults:2)
  Margery (Vaults:5)
  4 Killer Klowns (Zot:5)
  Saint Roka (Depths:4)
  A curse toe (Zot:4)
  6 caustic shrikes (Depths:3)
  the Enchantress (Depths:1)
  Nikola (Depths:1)
  14 golden dragons
  A bone dragon (Depths:5)
  A Brimstone Fiend (Depths:4)
  2 electric golems (Zot:5)
  4 liches
  4 Ice Fiends
  28 Orb Guardians
  22 tentacled monstrosities
  6 quicksilver dragons
  4 titans
  2 deep elf master archers (Elf:3)
  3 deep elf blademasters
  7 sphinxes
  Agnes (D:15)
  4 thorn hunters
  9 tengu reavers
  7 death cobs
  15 storm dragons
  11 shadow dragons
  Donald (Swamp:4)
  6 draconian monks
  6 nagarajas
  18 frost giants
  7 deep elf sorcerers
  17 vault wardens
  17 fire giants
  3 ghost moths
  An orc warlord (Orc:2)
  An iron dragon (Vaults:5)
  2 draconian knights (Zot:2)
  Louise (Swamp:4)
  9 draconian scorchers
  Aizul (Swamp:2)
  5 spriggan defenders
  2 draconian stormcallers
  23 ironheart preservers
  5 war gargoyles
  3 draconian annihilators
  2 deep elf elementalists
  4 draconian shifters
  32 very ugly things
  An entropy weaver (Vaults:2)
  17 stone giants
  14 green draconians
  5 vampire knights
  11 black draconians
  5 deep elf annihilators (Elf:3)
  7 white draconians
  8 yellow draconians
  Azrael (Snake:1)
  A minotaur (Depths:2)
  2 lorocyprocas
  9 red draconians
  5 deep elf demonologists
  9 spark wasps
  The ghost of Wolly the Archer, a journeyman CeAM of Okawaru (Lair:5)
  9 purple draconians
  7 deep elf death magi
  17 ettins
  30 vault guards
  2 jiangshi (Depths:4)
  23 yaktaur captains
  8 fire dragons
  10 deep elf high priests
  2 ghost crabs
  14 hydras
  6 great orbs of eyes
  6 ice dragons
  6 naga warriors
  11 rakshasas
  22 anacondas
  6 death knights
  7 spriggan air magi
  3 catoblepae (Lair:6)
  6 centaur warriors
  A catoblepas (shapeshifter) (Vaults:5)
  4 shambling mangroves
  9 alligators
  22 ogre magi
  15 dancing weapons
  60 two-headed ogres
  16 death yaks
  8 deep troll earth magi
  5 vampire magi
  7 deep troll shamans
  4 tengu warriors
  10 naga sharpshooters
  6 orc high priests
  12 spriggan berserkers
  11 deep elf knights
  3 shock serpents
  A titan skeleton (Depths:3)
  2 sun demons
  2 iron trolls
  An iron troll (shapeshifter) (Elf:3)
  2 small abominations
  A large abomination (Elf:3)
  11 skeletal warriors
  A shadow wraith (Vaults:2)
  2 flayed ghosts
  2 spriggan druids (Swamp:4)
  An unseen horror (D:15)
  9 salamander mystics
  12 hell knights
  A sea snake (shapeshifter) (Vaults:5)
  3 glowing orange brains
  38 deep trolls
  An infernal demonspawn (Depths:5)
  5 swamp dragons
  13 deep elf archers
  6 naga ritualists
  2 spectral hydras (Swamp:4)
  A harpy (shapeshifter) (Vaults:3)
  A tengu zombie (Vaults:3)
  12 ironbrand convokers
  12 mana vipers
  6 wizards
  An obsidian statue (Vaults:4)
  A harpy (Depths:2)
  8 phantasmal warriors
  10 necromancers
  17 orc knights
  A manticore (shapeshifter) (Vaults:4)
  72 ugly things
  A wolf spider (shapeshifter) (Vaults:5)
  An orb spider (shapeshifter) (Vaults:4)
  45 deep elf magi
  5 wolf spiders
  11 orc sorcerers
  7 cyclopes
  21 moths of wrath
  A moth of wrath (shapeshifter) (Depths:5)
  20 salamanders
  7 manticores
  8 elephants
  16 guardian serpents
  3 rust devils
  41 black mambas
  A torpor snail (shapeshifter) (D:15)
  A gargoyle (D:11)
  2 centaur zombies
  19 vault sentinels
  18 naga magi
  15 spiny frogs
  A smoke demon (Depths:2)
  An orange demon (Depths:1)
  3 human zombies
  2 spiny frogs (shapeshifter)
  2 hellions
  55 yaktaurs
  3 rime drakes
  12 komodo dragons
  9 freezing wraiths
  2 efreet
  A tormentor (D:11)
  2 tengu conjurers (Depths:1)
  A troll (shapeshifter) (Vaults:4)
  3 hydra zombies (Swamp:4)
  2 human skeletons
  3 red devils
  16 polar bears
  2 meliai (shapeshifter)
  A tengu simulacrum (Depths:3)
  3 death drake zombies (Swamp:4)
  10 trolls
  A jumping spider (shapeshifter) (Vaults:2)
  9 tyrant leeches
  A polar bear (shapeshifter) (Vaults:2)
  A jumping spider (Zot:1)
  14 hornets
  6 bog bodies
  An elf zombie (Depths:3)
  A hornet (shapeshifter) (D:15)
  51 slime creatures
  A slime creature (shapeshifter) (Vaults:2)
  A dream sheep (shapeshifter) (Vaults:5)
  A death drake skeleton (Swamp:4)
  31 blink frogs
  A frost giant simulacrum (Vaults:1)
  2 hydra skeletons (Swamp:4)
  9 hippogriffs
  2 shadows
  A spriggan skeleton (Depths:3)
  A tarantella (shapeshifter) (Depths:1)
  10 water elementals
  2 vampires
  8 spriggans
  An air elemental (Elf:1)
  5 wraiths
  A human (D:14)
  2 wyverns
  3 basilisks
  66 yaks
  A fire bat (shapeshifter) (Vaults:3)
  An elf skeleton (Depths:3)
  4 fire elementals
  A neqoxec (Zot:2)
  2 hungry ghosts
  15 vampire mosquitoes
  3 chaos spawn
  17 swamp worms
  14 wargs
  A harpy simulacrum (D:15)
  15 water moccasins
  A warg (shapeshifter) (Vaults:2)
  A swamp worm (shapeshifter) (Vaults:5)
  38 nagas
  4 acid dragons
  A floating eye (shapeshifter) (Vaults:5)
  5 hell hounds
  4 hydra simulacra (Swamp:4)
  62 orc warriors
  3 swamp dragon zombies (Swamp:4)
  9 porcupines
  10 swamp drakes
  4 eyes of draining
  3 sky beasts
  7 ice beasts
  5 phantoms
  13 boggarts
  16 wolves
  47 ogres
  11 centaurs
  12 crocodiles
  2 earth elementals
  28 bullfrogs
  A water moccasin zombie (D:9)
  12 killer bees
  7 scorpions
  2 human simulacra
  9 wights
  2 jellies
  2 howler monkeys
  5 crimson imps
  A bullfrog zombie (D:12)
  8 hounds
  A lava snake (D:12)
  2 quasits
  33 orc priests
  A bullfrog skeleton (D:10)
  2 iron imps (Depths:5)
  4 centaur skeletons
  2 iguanas
  32 orc wizards
  8 worker ants
  A big kobold zombie (Ossuary)
  8 mummies (Ossuary)
  Robin (D:3)
  15 gnolls
  A howler monkey skeleton (D:4)
  19 adders
  3 river rats (Sewer)
  3 shadow imps
  15 white imps
  An ufetubus (Depths:5)
  An ooze (D:7)
  An adder skeleton (D:4)
  A worm (D:6)
  2 dart slugs (D:1)
  5 leopard geckos
  136 orcs
  3 ball pythons
  9 bats
  9 giant cockroaches
  2 gnoll zombies (Ossuary)
  34 goblins
  30 hobgoblins
  11 jackals
  5 quokkas
  8 frilled lizards
  A giant cockroach zombie (D:5)
  2 hobgoblin zombies (Ossuary)
  4 kobolds
  A kobold zombie (Ossuary)
  A leopard gecko skeleton (D:6)
  A leopard gecko zombie (D:5)
  2 orc zombies (Ossuary)
  13 rats
  10 briar patches
  20 crawling corpses
  A fire vortex (D:12)
  9 fungi
  14 plants
2599 creatures vanquished.

Vanquished Creatures (collateral kills)
  A two-headed ogre (D:13)
  A manticore (D:13)
  2 elephants (Lair:6)
  A spiny frog (Lair:6)
  A yak (Lair:6)
6 creatures vanquished.

Vanquished Creatures (others)
  A fire giant (Vaults:5)
  A vault warden (Vaults:2)
  A dancing weapon (Elf:1)
  2 deep elf magi
  An orc knight (Elf:1)
  An ugly thing (Vaults:3)
  A rime drake (IceCv)
  A yaktaur (Depths:5)
  A polar bear (IceCv)
  A shadow (D:13)
  A yak (IceCv)
  A wolf (IceCv)
  An ogre (Elf:3)
  2 orcs (Elf:1)
  2 briar patches (Swamp:4)
  12 fungi
  37 plants
  5 toadstools (D:1)
72 creatures vanquished.

Grand Total: 2677 creatures vanquished

Notes
Turn   | Place    | Note
-------+----------+-------------------------------------------
     0 | D:1      | EnegeticOcto the Gnoll Skald began the quest for the Orb.
     0 | D:1      | Reached XP level 1. HP: 20/20 MP: 6/6
   181 | D:1      | Reached XP level 2. HP: 25/26 MP: 3/7
   735 | D:1      | Reached XP level 3. HP: 25/31 MP: 3/9
   884 | D:2      | Learned a level 2 spell: Song of Slaying
   888 | D:2      | Learned a level 3 spell: Spectral Weapon
   892 | D:2      | Learned a level 3 spell: Ozocubu's Armour
   895 | D:2      | Learned a level 2 spell: Shroud of Golubria
   979 | D:2      | Reached skill level 5 in Spellcasting
  1024 | D:2      | Found a stormy altar of Qazlal.
  1025 | D:2      | Found a sparkling altar of Nemelex Xobeh.
  1026 | D:2      | Found a snail-covered altar of Cheibriados.
  1189 | D:2      | Reached skill level 1 in Invocations
  1617 | D:3      | Noticed Robin
  1633 | D:3      | Reached skill level 1 in Short Blades
  1633 | D:3      | Reached skill level 1 in Long Blades
  1633 | D:3      | Reached skill level 1 in Axes
  1633 | D:3      | Reached skill level 1 in Maces & Flails
  1633 | D:3      | Reached skill level 1 in Staves
  1633 | D:3      | Reached skill level 1 in Slings
  1633 | D:3      | Reached skill level 1 in Bows
  1633 | D:3      | Reached skill level 1 in Crossbows
  1633 | D:3      | Reached skill level 1 in Throwing
  1633 | D:3      | Reached skill level 1 in Stealth
  1633 | D:3      | Reached skill level 1 in Shields
  1633 | D:3      | Reached skill level 1 in Unarmed Combat
  1633 | D:3      | Reached skill level 1 in Evocations
  1636 | D:3      | Reached XP level 4. HP: 34/38 MP: 6/11
  1645 | D:3      | Killed Robin
  1792 | D:3      | Found a sacrificial altar of Ru.
  2006 | D:3      | Reached skill level 1 in Conjurations
  2006 | D:3      | Reached skill level 1 in Hexes
  2006 | D:3      | Reached skill level 1 in Summonings
  2006 | D:3      | Reached skill level 1 in Necromancy
  2006 | D:3      | Reached skill level 1 in Translocations
  2006 | D:3      | Reached skill level 1 in Transmutations
  2006 | D:3      | Reached skill level 1 in Fire Magic
  2006 | D:3      | Reached skill level 1 in Ice Magic
  2006 | D:3      | Reached skill level 1 in Air Magic
  2006 | D:3      | Reached skill level 1 in Earth Magic
  2006 | D:3      | Reached skill level 1 in Poison Magic
  2530 | D:4      | Noticed a bullfrog
  2538 | D:4      | Killed a bullfrog
  2538 | D:4      | Reached skill level 3 in Armour
  2538 | D:4      | Reached XP level 5. HP: 43/43 MP: 9/12
  2725 | D:4      | Reached XP level 6. HP: 43/50 MP: 7/13
  2725 | D:4      | Noticed a phantom
  2729 | D:4      | Reached skill level 2 in Axes
  2729 | D:4      | Reached skill level 2 in Invocations
  2736 | D:4      | Killed a phantom
  2736 | D:4      | Reached skill level 5 in Fighting
  2736 | D:4      | Reached skill level 2 in Short Blades
  2736 | D:4      | Reached skill level 2 in Long Blades
  2736 | D:4      | Reached skill level 2 in Maces & Flails
  2736 | D:4      | Reached skill level 5 in Polearms
  2736 | D:4      | Reached skill level 2 in Staves
  2736 | D:4      | Reached skill level 2 in Slings
  2736 | D:4      | Reached skill level 2 in Bows
  2736 | D:4      | Reached skill level 2 in Crossbows
  2736 | D:4      | Reached skill level 2 in Throwing
  2736 | D:4      | Reached skill level 5 in Dodging
  2736 | D:4      | Reached skill level 2 in Stealth
  2736 | D:4      | Reached skill level 2 in Shields
  2736 | D:4      | Reached skill level 2 in Unarmed Combat
  2736 | D:4      | Reached skill level 2 in Evocations
  2969 | D:4      | Reached XP level 7. HP: 56/56 MP: 15/15
  3663 | D:5      | Entered Level 5 of the Dungeon
  4009 | D:5      | Reached skill level 3 in Axes
  4009 | D:5      | Reached skill level 2 in Conjurations
  4009 | D:5      | Reached skill level 2 in Hexes
  4009 | D:5      | Reached skill level 2 in Summonings
  4009 | D:5      | Reached skill level 2 in Necromancy
  4009 | D:5      | Reached skill level 2 in Translocations
  4009 | D:5      | Reached skill level 2 in Transmutations
  4009 | D:5      | Reached skill level 2 in Fire Magic
  4009 | D:5      | Reached skill level 2 in Ice Magic
  4009 | D:5      | Reached skill level 2 in Air Magic
  4009 | D:5      | Reached skill level 2 in Earth Magic
  4009 | D:5      | Reached skill level 2 in Poison Magic
  4211 | D:5      | Got a wizard robe
  4803 | D:6      | Reached skill level 3 in Invocations
  4809 | D:6      | Found a glowing drain.
  4947 | Sewer    | Entered a sewer
  5414 | D:6      | Reached skill level 6 in Charms
  5414 | D:6      | Reached XP level 8. HP: 63/63 MP: 16/16
  5496 | D:6      | Reached skill level 3 in Short Blades
  5496 | D:6      | Reached skill level 3 in Long Blades
  5496 | D:6      | Reached skill level 3 in Maces & Flails
  5496 | D:6      | Reached skill level 3 in Staves
  5496 | D:6      | Reached skill level 3 in Slings
  5496 | D:6      | Reached skill level 3 in Bows
  5496 | D:6      | Reached skill level 3 in Crossbows
  5496 | D:6      | Reached skill level 3 in Throwing
  5496 | D:6      | Reached skill level 4 in Armour
  5496 | D:6      | Reached skill level 3 in Stealth
  5496 | D:6      | Reached skill level 3 in Shields
  5496 | D:6      | Reached skill level 3 in Unarmed Combat
  5496 | D:6      | Reached skill level 3 in Evocations
  5504 | D:6      | Reached skill level 4 in Axes
  5549 | D:6      | Reached skill level 6 in Spellcasting
  5752 | D:6      | Found the +7 Singing Sword {vorpal, sonic wave}
  5823 | D:6      | Found a sparkling altar of Nemelex Xobeh.
  6130 | D:2      | Became a worshipper of Qazlal Stormbringer
  6448 | D:7      | Reached skill level 5 in Axes
  6448 | D:7      | Reached skill level 3 in Conjurations
  6448 | D:7      | Reached skill level 3 in Hexes
  6448 | D:7      | Reached skill level 3 in Summonings
  6448 | D:7      | Reached skill level 3 in Necromancy
  6448 | D:7      | Reached skill level 3 in Translocations
  6448 | D:7      | Reached skill level 3 in Transmutations
  6448 | D:7      | Reached skill level 3 in Fire Magic
  6448 | D:7      | Reached skill level 3 in Ice Magic
  6448 | D:7      | Reached skill level 3 in Air Magic
  6448 | D:7      | Reached skill level 3 in Earth Magic
  6448 | D:7      | Reached skill level 3 in Poison Magic
  6448 | D:7      | Reached skill level 4 in Invocations
  6453 | D:7      | Reached skill level 6 in Fighting
  6453 | D:7      | Reached skill level 6 in Polearms
  6453 | D:7      | Reached skill level 6 in Dodging
  6453 | D:7      | Reached XP level 9. HP: 46/69 MP: 18/18
  6599 | D:7      | Found an ornate altar of the Wu Jian Council.
  6723 | D:7      | Reached skill level 4 in Short Blades
  6723 | D:7      | Reached skill level 4 in Long Blades
  6723 | D:7      | Reached skill level 4 in Maces & Flails
  6723 | D:7      | Reached skill level 4 in Staves
  6723 | D:7      | Reached skill level 4 in Slings
  6723 | D:7      | Reached skill level 4 in Bows
  6723 | D:7      | Reached skill level 4 in Crossbows
  6723 | D:7      | Reached skill level 4 in Throwing
  6723 | D:7      | Reached skill level 4 in Stealth
  6723 | D:7      | Reached skill level 4 in Shields
  6723 | D:7      | Reached skill level 4 in Unarmed Combat
  6723 | D:7      | Reached skill level 4 in Evocations
  6739 | D:7      | Found a staircase to the Ecumenical Temple.
  7158 | D:8      | Found a shadowy altar of Dithmenos.
  7199 | D:8      | Found a sand-covered staircase.
  7206 | Ossuary  | Entered an ossuary
  7212 | Ossuary  | Reached * piety under Qazlal
  7853 | D:8      | Reached skill level 5 in Armour
  8014 | D:9      | Noticed a troll
  8018 | D:9      | Reached skill level 6 in Axes
  8023 | D:9      | Killed a troll
  8029 | D:9      | Reached skill level 5 in Invocations
  8035 | D:9      | Reached XP level 10. HP: 39/77 MP: 20/20
  8064 | D:8      | Reached skill level 7 in Spellcasting
  8390 | D:9      | Reached ** piety under Qazlal
  8390 | D:9      | Reached skill level 4 in Conjurations
  8390 | D:9      | Reached skill level 4 in Hexes
  8390 | D:9      | Reached skill level 4 in Summonings
  8390 | D:9      | Reached skill level 4 in Necromancy
  8390 | D:9      | Reached skill level 4 in Translocations
  8390 | D:9      | Reached skill level 4 in Transmutations
  8390 | D:9      | Reached skill level 4 in Fire Magic
  8390 | D:9      | Reached skill level 4 in Ice Magic
  8390 | D:9      | Reached skill level 4 in Air Magic
  8390 | D:9      | Reached skill level 4 in Earth Magic
  8390 | D:9      | Reached skill level 4 in Poison Magic
  8528 | D:9      | Reached skill level 5 in Short Blades
  8528 | D:9      | Reached skill level 5 in Long Blades
  8528 | D:9      | Reached skill level 5 in Maces & Flails
  8528 | D:9      | Reached skill level 5 in Staves
  8528 | D:9      | Reached skill level 5 in Slings
  8528 | D:9      | Reached skill level 5 in Bows
  8528 | D:9      | Reached skill level 5 in Crossbows
  8528 | D:9      | Reached skill level 5 in Throwing
  8528 | D:9      | Reached skill level 5 in Stealth
  8528 | D:9      | Reached skill level 5 in Shields
  8528 | D:9      | Reached skill level 5 in Unarmed Combat
  8528 | D:9      | Reached skill level 5 in Evocations
  8562 | D:9      | Reached skill level 7 in Axes
  8650 | D:9      | Learned a level 3 spell: Frozen Ramparts
  8655 | D:9      | Learned a level 4 spell: Summon Ice Beast
  8763 | D:9      | Found a staircase to the Lair.
  8817 | D:9      | Learned a level 2 spell: Sticks to Snakes
  8837 | D:9      | Reached skill level 7 in Charms
  9006 | D:9      | Found a hide-covered altar of Uskayaw.
  9012 | D:9      | Reached skill level 7 in Fighting
  9012 | D:9      | Reached skill level 7 in Polearms
  9012 | D:9      | Reached skill level 7 in Dodging
  9396 | D:10     | Entered Level 10 of the Dungeon
  9416 | D:10     | Reached skill level 6 in Armour
  9609 | D:10     | Reached skill level 6 in Invocations
  9650 | D:10     | Reached *** piety under Qazlal
  9774 | D:10     | Found Bugurewk's Antique Weapon Shoppe.
  9830 | D:10     | Noticed a two-headed ogre
  9845 | D:10     | Killed a two-headed ogre
  9845 | D:10     | Reached skill level 8 in Axes
  9845 | D:10     | Reached XP level 11. HP: 56/84 MP: 17/22
 10414 | Lair:1   | Entered Level 1 of the Lair of Beasts
 10472 | Lair:1   | Noticed an eight-headed hydra
 10493 | Lair:1   | Killed an eight-headed hydra
 10493 | Lair:1   | Reached skill level 6 in Short Blades
 10493 | Lair:1   | Reached skill level 6 in Long Blades
 10493 | Lair:1   | Reached skill level 6 in Maces & Flails
 10493 | Lair:1   | Reached skill level 6 in Staves
 10493 | Lair:1   | Reached skill level 6 in Slings
 10493 | Lair:1   | Reached skill level 6 in Bows
 10493 | Lair:1   | Reached skill level 6 in Crossbows
 10493 | Lair:1   | Reached skill level 6 in Throwing
 10493 | Lair:1   | Reached skill level 6 in Stealth
 10493 | Lair:1   | Reached skill level 6 in Shields
 10493 | Lair:1   | Reached skill level 6 in Unarmed Combat
 10493 | Lair:1   | Reached skill level 5 in Conjurations
 10493 | Lair:1   | Reached skill level 5 in Hexes
 10493 | Lair:1   | Reached skill level 5 in Summonings
 10493 | Lair:1   | Reached skill level 5 in Necromancy
 10493 | Lair:1   | Reached skill level 5 in Translocations
 10493 | Lair:1   | Reached skill level 5 in Transmutations
 10493 | Lair:1   | Reached skill level 5 in Fire Magic
 10493 | Lair:1   | Reached skill level 5 in Ice Magic
 10493 | Lair:1   | Reached skill level 5 in Air Magic
 10493 | Lair:1   | Reached skill level 5 in Earth Magic
 10493 | Lair:1   | Reached skill level 5 in Poison Magic
 10493 | Lair:1   | Reached skill level 6 in Evocations
 10637 | Lair:1   | Reached skill level 8 in Spellcasting
 10910 | Lair:1   | Found a blossoming altar of Fedhas.
 10937 | Lair:1   | Noticed an oklob plant
 11049 | Lair:1   | Found a runed translucent door.
 11050 | Lair:1   | Noticed a four-headed hydra
 11050 | Lair:1   | Noticed Fv001's ghost (novice FoMo)
 11548 | Lair:2   | Reached skill level 7 in Invocations
 11575 | Lair:2   | Reached skill level 9 in Axes
 11577 | Lair:2   | Reached skill level 8 in Fighting
 11577 | Lair:2   | Reached skill level 8 in Polearms
 11577 | Lair:2   | Reached skill level 7 in Armour
 11577 | Lair:2   | Reached skill level 8 in Dodging
 11655 | Lair:2   | Reached XP level 12. HP: 29/93 MP: 18/24
 12112 | Lair:2   | Reached skill level 8 in Charms
 12502 | Lair:2   | Identified the +2 robe "Syr Zud" {Str+6 Int+4} (You found
                  | it on level 5 of the Dungeon)
 12589 | Lair:3   | Reached skill level 7 in Short Blades
 12589 | Lair:3   | Reached skill level 7 in Long Blades
 12589 | Lair:3   | Reached skill level 7 in Maces & Flails
 12589 | Lair:3   | Reached skill level 7 in Staves
 12589 | Lair:3   | Reached skill level 7 in Slings
 12589 | Lair:3   | Reached skill level 7 in Bows
 12589 | Lair:3   | Reached skill level 7 in Crossbows
 12589 | Lair:3   | Reached skill level 7 in Throwing
 12589 | Lair:3   | Reached skill level 7 in Stealth
 12589 | Lair:3   | Reached skill level 7 in Shields
 12589 | Lair:3   | Reached skill level 7 in Unarmed Combat
 12589 | Lair:3   | Reached skill level 7 in Evocations
 12893 | Lair:3   | Found a staircase to the Snake Pit.
 13149 | Lair:3   | Reached skill level 10 in Axes
 13180 | Lair:3   | Learned a level 1 spell: Sandblast
 13452 | Lair:4   | Noticed a five-headed hydra
 13455 | Lair:4   | Killed a five-headed hydra
 13455 | Lair:4   | Reached skill level 6 in Conjurations
 13455 | Lair:4   | Reached skill level 6 in Hexes
 13455 | Lair:4   | Reached skill level 6 in Summonings
 13455 | Lair:4   | Reached skill level 6 in Necromancy
 13455 | Lair:4   | Reached skill level 6 in Translocations
 13455 | Lair:4   | Reached skill level 6 in Transmutations
 13455 | Lair:4   | Reached skill level 6 in Fire Magic
 13455 | Lair:4   | Reached skill level 6 in Ice Magic
 13455 | Lair:4   | Reached skill level 6 in Air Magic
 13455 | Lair:4   | Reached skill level 6 in Earth Magic
 13455 | Lair:4   | Reached skill level 6 in Poison Magic
 13512 | Lair:4   | You fall into a shaft and drop 2 floors!
 13512 | Lair:6   | Entered Level 6 of the Lair of Beasts
 13537 | Lair:5   | Reached skill level 8 in Invocations
 13662 | Lair:5   | Reached skill level 9 in Spellcasting
 13949 | Lair:5   | Noticed Wolly's ghost (journeyman CeAM)
 13953 | Lair:5   | Found a runed translucent gate.
 13953 | Lair:5   | Found a runed translucent gate.
 13953 | Lair:5   | Found a runed translucent gate.
 13980 | Lair:5   | Noticed a death yak
 13981 | Lair:5   | Noticed a death yak
 13981 | Lair:5   | Noticed a death yak
 13982 | Lair:5   | Noticed a death yak
 13983 | Lair:5   | Noticed a death yak
 13983 | Lair:5   | Noticed a death yak
 13989 | Lair:5   | Noticed a death yak
 13989 | Lair:5   | Noticed a death yak
 13989 | Lair:5   | Killed a death yak
 13989 | Lair:5   | Reached skill level 8 in Armour
 13989 | Lair:5   | Noticed a death yak
 13990 | Lair:5   | Noticed a death yak
 13994 | Lair:5   | Killed a death yak
 13995 | Lair:5   | Killed a death yak
 13995 | Lair:5   | Reached skill level 9 in Fighting
 13995 | Lair:5   | Reached skill level 9 in Polearms
 13995 | Lair:5   | Reached skill level 9 in Dodging
 14003 | Lair:5   | Killed a death yak
 14005 | Lair:5   | Killed a death yak
 14005 | Lair:5   | Reached XP level 13. HP: 79/101 MP: 23/26
 14273 | Lair:5   | Reached skill level 11 in Axes
 14277 | Lair:5   | Reached skill level 8 in Short Blades
 14277 | Lair:5   | Reached skill level 8 in Long Blades
 14277 | Lair:5   | Reached skill level 8 in Maces & Flails
 14277 | Lair:5   | Reached skill level 8 in Staves
 14277 | Lair:5   | Reached skill level 8 in Slings
 14277 | Lair:5   | Reached skill level 8 in Bows
 14277 | Lair:5   | Reached skill level 8 in Crossbows
 14277 | Lair:5   | Reached skill level 8 in Throwing
 14277 | Lair:5   | Reached skill level 8 in Stealth
 14277 | Lair:5   | Reached skill level 8 in Shields
 14277 | Lair:5   | Reached skill level 8 in Unarmed Combat
 14277 | Lair:5   | Reached skill level 8 in Evocations
 14372 | Lair:5   | Reached **** piety under Qazlal
 14574 | Lair:5   | Found the +8 whip "Snakebite" {curare, rPois}
 14777 | Lair:5   | Found a staircase to the Slime Pits.
 15317 | Lair:4   | Found a staircase to the Swamp.
 15498 | Lair:4   | Reached skill level 9 in Invocations
 16168 | Lair:4   | Got a faintly glowing morningstar
 16222 | Lair:6   | Reached skill level 7 in Conjurations
 16222 | Lair:6   | Reached skill level 7 in Hexes
 16222 | Lair:6   | Reached skill level 9 in Charms
 16222 | Lair:6   | Reached skill level 7 in Summonings
 16222 | Lair:6   | Reached skill level 7 in Necromancy
 16222 | Lair:6   | Reached skill level 7 in Translocations
 16222 | Lair:6   | Reached skill level 7 in Transmutations
 16222 | Lair:6   | Reached skill level 7 in Fire Magic
 16222 | Lair:6   | Reached skill level 7 in Ice Magic
 16222 | Lair:6   | Reached skill level 7 in Air Magic
 16222 | Lair:6   | Reached skill level 7 in Earth Magic
 16222 | Lair:6   | Reached skill level 7 in Poison Magic
 16237 | Lair:6   | Reached skill level 9 in Armour
 16254 | Lair:6   | Reached skill level 10 in Spellcasting
 16265 | Lair:6   | Reached XP level 14. HP: 47/109 MP: 24/28
 16744 | Lair:6   | Reached skill level 12 in Axes
 17453 | Lair:6   | Reached skill level 10 in Fighting
 17453 | Lair:6   | Reached skill level 10 in Polearms
 17453 | Lair:6   | Reached skill level 10 in Dodging
 17471 | Lair:6   | Reached skill level 9 in Short Blades
 17471 | Lair:6   | Reached skill level 9 in Long Blades
 17471 | Lair:6   | Reached skill level 9 in Maces & Flails
 17471 | Lair:6   | Reached skill level 9 in Staves
 17471 | Lair:6   | Reached skill level 9 in Slings
 17471 | Lair:6   | Reached skill level 9 in Bows
 17471 | Lair:6   | Reached skill level 9 in Crossbows
 17471 | Lair:6   | Reached skill level 9 in Throwing
 17471 | Lair:6   | Reached skill level 9 in Stealth
 17471 | Lair:6   | Reached skill level 9 in Shields
 17471 | Lair:6   | Reached skill level 9 in Unarmed Combat
 17471 | Lair:6   | Reached skill level 9 in Evocations
 18355 | D:11     | Noticed Maurice
 18357 | D:11     | Noticed Maurice
 18357 | D:11     | Maurice changed into Maurice the swamp drake
 18367 | D:11     | Killed Maurice the swamp drake
 18481 | D:11     | Identified the cursed +1 morningstar "Waus" {flame, *Rage
                  | rPois Int+4} (You found it on level 4 of the Lair of
                  | Beasts)
 18507 | D:11     | Reached skill level 10 in Invocations
 18739 | D:11     | Found Orogavib's Assorted Antiques.
 18907 | D:11     | Reached ***** piety under Qazlal
 19845 | D:12     | Found a staircase to the Orcish Mines.
 20150 | Orc:1    | Entered Level 1 of the Orcish Mines
 20228 | D:13     | Reached skill level 8 in Conjurations
 20228 | D:13     | Reached skill level 8 in Hexes
 20228 | D:13     | Reached skill level 8 in Summonings
 20228 | D:13     | Reached skill level 8 in Necromancy
 20228 | D:13     | Reached skill level 8 in Translocations
 20228 | D:13     | Reached skill level 8 in Transmutations
 20228 | D:13     | Reached skill level 8 in Fire Magic
 20228 | D:13     | Reached skill level 8 in Ice Magic
 20228 | D:13     | Reached skill level 8 in Air Magic
 20228 | D:13     | Reached skill level 8 in Earth Magic
 20228 | D:13     | Reached skill level 8 in Poison Magic
 20230 | D:13     | Reached XP level 15. HP: 80/117 MP: 24/29
 20372 | D:13     | Found a frozen archway.
 20392 | IceCv    | Entered an ice cave
 20410 | IceCv    | Reached skill level 13 in Axes
 20505 | IceCv    | Reached skill level 10 in Armour
 20842 | IceCv    | Noticed a frost giant
 20852 | IceCv    | Killed a frost giant
 20975 | IceCv    | Identified Caanokeoj's Grimoire of Noxious Transmigration
 21301 | IceCv    | Got a turquoise-encrusted ring mail
 21431 | D:13     | Found a gate to the Vaults.
 21592 | D:13     | Identified the cursed +1 ring mail "Ymiosta" {Stlth+} (You
                  | found it in an ice cave)
 21747 | D:14     | Reached skill level 11 in Spellcasting
 21776 | D:14     | Reached skill level 10 in Charms
 22182 | D:14     | Reached skill level 10 in Short Blades
 22182 | D:14     | Reached skill level 10 in Long Blades
 22182 | D:14     | Reached skill level 10 in Maces & Flails
 22182 | D:14     | Reached skill level 10 in Staves
 22182 | D:14     | Reached skill level 10 in Slings
 22182 | D:14     | Reached skill level 10 in Bows
 22182 | D:14     | Reached skill level 10 in Crossbows
 22182 | D:14     | Reached skill level 10 in Throwing
 22182 | D:14     | Reached skill level 10 in Stealth
 22182 | D:14     | Reached skill level 10 in Shields
 22182 | D:14     | Reached skill level 10 in Unarmed Combat
 22182 | D:14     | Reached skill level 10 in Evocations
 22470 | D:14     | Reached skill level 11 in Fighting
 22470 | D:14     | Reached skill level 11 in Polearms
 22470 | D:14     | Reached skill level 11 in Dodging
 23278 | D:14     | Reached skill level 11 in Invocations
 23778 | D:15     | Entered Level 15 of the Dungeon
 23807 | D:15     | Found a portal to a secret trove of treasure.
 24130 | D:15     | Reached XP level 16. HP: 123/125 MP: 31/31
 24245 | D:15     | Found Ofanegypi's Armour Boutique.
 24297 | D:15     | Noticed Agnes
 24308 | D:15     | Killed Agnes
 24308 | D:15     | Reached skill level 14 in Axes
 24631 | D:15     | Noticed a storm dragon
 24631 | D:15     | an alligator changed into a storm dragon
 24637 | D:15     | Noticed an azure jelly
 24637 | D:15     | a storm dragon changed into an azure jelly
 24640 | D:15     | an azure jelly changed into a dire elephant
 24645 | D:15     | Noticed an iron giant
 24645 | D:15     | an iron dragon changed into an iron giant
 24646 | D:15     | an iron giant changed into a glowing shapeshifter
 25140 | D:15     | Found a staircase to the Depths.
 25262 | D:15     | Found a runed translucent door.
 25265 | D:15     | Noticed kelmiir's ghost (journeyman DrBe)
 25266 | D:15     | Noticed a lich
 25271 | D:15     | Found a runed translucent door.
 26447 | Orc:2    | Entered Level 2 of the Orcish Mines
 26453 | Orc:2    | Reached skill level 9 in Conjurations
 26453 | Orc:2    | Reached skill level 9 in Hexes
 26453 | Orc:2    | Reached skill level 9 in Summonings
 26453 | Orc:2    | Reached skill level 9 in Necromancy
 26453 | Orc:2    | Reached skill level 9 in Translocations
 26453 | Orc:2    | Reached skill level 9 in Transmutations
 26453 | Orc:2    | Reached skill level 9 in Fire Magic
 26453 | Orc:2    | Reached skill level 9 in Ice Magic
 26453 | Orc:2    | Reached skill level 9 in Air Magic
 26453 | Orc:2    | Reached skill level 9 in Earth Magic
 26453 | Orc:2    | Reached skill level 9 in Poison Magic
 26614 | Orc:2    | Found a staircase to the Elven Halls.
 26634 | Orc:1    | Reached ****** piety under Qazlal
 26699 | Orc:1    | Found a roughly hewn altar of Beogh.
 26765 | Orc:1    | Found a runed translucent gate.
 26766 | Orc:1    | Found a runed translucent gate.
 26766 | Orc:1    | Found a runed translucent gate.
 26768 | Orc:1    | Noticed kitty14015's ghost (journeyman MiFi)
 26777 | Orc:1    | Found an iron altar of Okawaru.
 26906 | Orc:2    | Found a roughly hewn altar of Beogh.
 26986 | Orc:2    | Found a roughly hewn altar of Beogh.
 27171 | Orc:2    | Found a roughly hewn altar of Beogh.
 27274 | Orc:2    | Found Ehawkoc's Assorted Antiques.
 27277 | Orc:2    | Bought a transparent cloak for 237 gold pieces
 27277 | Orc:2    | Bought a scroll of identify for 50 gold pieces
 27277 | Orc:2    | Bought a scroll of identify for 50 gold pieces
 27277 | Orc:2    | Identified the +2 cloak of Damocvih {rCorr Str+3} (You
                  | bought it in a shop on level 2 of the Orcish Mines)
 27476 | Orc:2    | Found a roughly hewn altar of Beogh.
 27541 | Orc:2    | Reached skill level 11 in Armour
 27610 | Orc:2    | Found Abawn's Antique Armour Shoppe.
 27610 | Orc:2    | Found a roughly hewn altar of Beogh.
 27613 | Orc:2    | Found Oxevicwi's Antique Weapon Emporium.
 27659 | Orc:2    | Found a roughly hewn altar of Beogh.
 27717 | Orc:2    | Found a roughly hewn altar of Beogh.
 27719 | Orc:2    | Found Moxziyci's Antique Armour Shop.
 27901 | Orc:2    | Found a roughly hewn altar of Beogh.
 27902 | Orc:2    | Found Nitait's Book Shoppe.
 28042 | Orc:2    | Bought a potion of mutation for 200 gold pieces
 28042 | Orc:2    | Bought a scroll of teleportation for 75 gold pieces
 28042 | Orc:2    | Bought a square emerald amulet for 125 gold pieces
 28042 | Orc:2    | Bought a potion of curing for 75 gold pieces
 28042 | Orc:2    | Bought a scroll of teleportation for 75 gold pieces
 28066 | Orc:2    | Bought a book of Dreams for 975 gold pieces
 28068 | Orc:2    | Learned a level 1 spell: Apportation
 28074 | Orc:2    | Learned a level 5 spell: Borgnjor's Vile Clutch
 28080 | Orc:2    | Learned a level 5 spell: Yara's Violent Unravelling
 28083 | Orc:2    | Learned a level 2 spell: Passwall
 28202 | D:11     | Bought a scroll of teleportation for 63 gold pieces
 28202 | D:11     | Bought a scroll of fog for 42 gold pieces
 28202 | D:11     | Bought a bone scimitar for 189 gold pieces
 28202 | D:11     | Bought a scroll of fog for 42 gold pieces
 28202 | D:11     | Bought a scroll of identify for 42 gold pieces
 28202 | D:11     | Identified the +6 scimitar of Doom {drain, Dex+3} (You
                  | bought it in a shop on level 11 of the Dungeon)
 28427 | Lair:5   | Killed Wolly's ghost
 28524 | Swamp:1  | Entered Level 1 of the Swamp
 29883 | Swamp:2  | Noticed Aizul
 29899 | Swamp:2  | Killed Aizul
 30107 | Swamp:2  | Found the +10 tower shield of Ignorance {rN+ Int-4}
 30112 | Swamp:2  | Learned a level 2 spell: Blink
 30196 | Swamp:2  | Noticed a thorn hunter
 30205 | Swamp:2  | Killed a thorn hunter
 30740 | Swamp:3  | Reached skill level 11 in Short Blades
 30740 | Swamp:3  | Reached skill level 11 in Long Blades
 30740 | Swamp:3  | Reached skill level 11 in Maces & Flails
 30740 | Swamp:3  | Reached skill level 11 in Staves
 30740 | Swamp:3  | Reached skill level 11 in Slings
 30740 | Swamp:3  | Reached skill level 11 in Bows
 30740 | Swamp:3  | Reached skill level 11 in Crossbows
 30740 | Swamp:3  | Reached skill level 11 in Throwing
 30740 | Swamp:3  | Reached skill level 11 in Stealth
 30740 | Swamp:3  | Reached skill level 11 in Shields
 30740 | Swamp:3  | Reached skill level 11 in Unarmed Combat
 30740 | Swamp:3  | Reached skill level 11 in Evocations
 31369 | Swamp:3  | Noticed a thorn hunter
 31372 | Swamp:3  | Killed a thorn hunter
 31372 | Swamp:3  | Reached skill level 12 in Spellcasting
 31372 | Swamp:3  | Reached XP level 17. HP: 133/133 MP: 23/33
 31647 | Swamp:3  | Noticed Mara
 31655 | Swamp:3  | Reached skill level 12 in Invocations
 31668 | Swamp:3  | Killed Mara
 31668 | Swamp:3  | Reached skill level 12 in Fighting
 31668 | Swamp:3  | Reached skill level 12 in Polearms
 31668 | Swamp:3  | Reached skill level 12 in Dodging
 31900 | Swamp:3  | Got a clouded granite ring
 31901 | Swamp:3  | Identified the ring "Osso" {Ice Str+6 Int+5} (You found it
                  | on level 3 of the Swamp)
 32385 | Swamp:4  | Entered Level 4 of the Swamp
 32675 | Swamp:4  | Noticed Donald
 32681 | Swamp:4  | Killed Donald
 32692 | Swamp:3  | Reached skill level 11 in Charms
 32799 | Swamp:4  | Noticed Louise
 32843 | Swamp:4  | Killed Louise
 33247 | Swamp:4  | Reached skill level 15 in Axes
 34380 | Swamp:4  | Found a basalt altar of Yredelemnul.
 34392 | Swamp:4  | Got a decaying rune of Zot
 34821 | Swamp:4  | Found a blossoming altar of Fedhas.
 35203 | Snake:1  | Entered Level 1 of the Snake Pit
 35270 | Snake:1  | Noticed Azrael
 35539 | Snake:1  | Reached skill level 10 in Conjurations
 35539 | Snake:1  | Reached skill level 10 in Hexes
 35539 | Snake:1  | Reached skill level 10 in Summonings
 35539 | Snake:1  | Reached skill level 10 in Necromancy
 35539 | Snake:1  | Reached skill level 10 in Translocations
 35539 | Snake:1  | Reached skill level 10 in Transmutations
 35539 | Snake:1  | Reached skill level 10 in Fire Magic
 35539 | Snake:1  | Reached skill level 10 in Ice Magic
 35539 | Snake:1  | Reached skill level 10 in Air Magic
 35539 | Snake:1  | Reached skill level 10 in Earth Magic
 35539 | Snake:1  | Reached skill level 10 in Poison Magic
 35630 | Snake:1  | Killed Azrael
 35913 | Snake:1  | Reached XP level 18. HP: 141/141 MP: 34/34
 36088 | Snake:1  | Reached skill level 12 in Armour
 36527 | Snake:2  | Found a shattered altar of Ashenzari.
 38307 | Snake:3  | Reached skill level 12 in Short Blades
 38307 | Snake:3  | Reached skill level 12 in Long Blades
 38307 | Snake:3  | Reached skill level 12 in Maces & Flails
 38307 | Snake:3  | Reached skill level 12 in Staves
 38307 | Snake:3  | Reached skill level 12 in Slings
 38307 | Snake:3  | Reached skill level 12 in Bows
 38307 | Snake:3  | Reached skill level 12 in Crossbows
 38307 | Snake:3  | Reached skill level 12 in Throwing
 38307 | Snake:3  | Reached skill level 12 in Stealth
 38307 | Snake:3  | Reached skill level 12 in Shields
 38307 | Snake:3  | Reached skill level 12 in Unarmed Combat
 38307 | Snake:3  | Reached skill level 12 in Evocations
 38670 | Snake:3  | Reached skill level 13 in Invocations
 38853 | Snake:3  | Identified a scroll of acquirement
 39176 | Snake:4  | Entered Level 4 of the Snake Pit
 39697 | Snake:4  | Reached skill level 13 in Spellcasting
 40689 | Snake:4  | Reached skill level 13 in Fighting
 40689 | Snake:4  | Reached skill level 13 in Polearms
 40689 | Snake:4  | Reached skill level 13 in Dodging
 40829 | Snake:4  | Reached XP level 19. HP: 110/149 MP: 36/36
 42699 | Snake:4  | Got a serpentine rune of Zot
 43247 | Elf:1    | Entered Level 1 of the Elven Halls
 43286 | Elf:1    | Reached skill level 12 in Charms
 43390 | Elf:1    | Found a radiant altar of Vehumet.
 43608 | Elf:1    | You fall into a shaft and drop 1 floor!
 43939 | Elf:1    | Found Sogroxzo's Food Emporium.
 43943 | Elf:1    | Found Omatetui's Weapon Shoppe.
 43944 | Elf:1    | Found Fihonaw's Gadget Emporium.
 43951 | Elf:1    | Bought a wand of acid (9) for 364 gold pieces
 43951 | Elf:1    | Bought a wand of enslavement (10) for 168 gold pieces
 43951 | Elf:1    | Bought a wand of enslavement (7) for 126 gold pieces
 44253 | Elf:1    | Reached skill level 13 in Armour
 44262 | Elf:1    | Reached skill level 11 in Conjurations
 44262 | Elf:1    | Reached skill level 11 in Hexes
 44262 | Elf:1    | Reached skill level 11 in Summonings
 44262 | Elf:1    | Reached skill level 11 in Necromancy
 44262 | Elf:1    | Reached skill level 11 in Translocations
 44262 | Elf:1    | Reached skill level 11 in Transmutations
 44262 | Elf:1    | Reached skill level 11 in Fire Magic
 44262 | Elf:1    | Reached skill level 11 in Ice Magic
 44262 | Elf:1    | Reached skill level 11 in Air Magic
 44262 | Elf:1    | Reached skill level 11 in Earth Magic
 44262 | Elf:1    | Reached skill level 11 in Poison Magic
 44424 | Elf:1    | Found a runed translucent gate.
 44424 | Elf:1    | Found a runed translucent gate.
 44424 | Elf:1    | Found a runed translucent gate.
 44424 | Elf:1    | Found a runed translucent gate.
 44424 | Elf:1    | Found a runed translucent gate.
 44427 | Elf:1    | Found a runed translucent gate.
 44482 | Elf:2    | Reached skill level 16 in Axes
 45093 | Elf:2    | Found a runed translucent gate.
 45093 | Elf:2    | Found a runed translucent gate.
 45093 | Elf:2    | Found a runed translucent gate.
 45695 | Vaults:1 | Entered Level 1 of the Vaults
 45951 | Vaults:1 | Reached XP level 20. HP: 145/157 MP: 37/37
 46194 | Vaults:1 | Reached skill level 14 in Invocations
 46248 | Vaults:1 | Reached skill level 13 in Short Blades
 46248 | Vaults:1 | Reached skill level 13 in Long Blades
 46248 | Vaults:1 | Reached skill level 13 in Maces & Flails
 46248 | Vaults:1 | Reached skill level 13 in Staves
 46248 | Vaults:1 | Reached skill level 13 in Slings
 46248 | Vaults:1 | Reached skill level 13 in Bows
 46248 | Vaults:1 | Reached skill level 13 in Crossbows
 46248 | Vaults:1 | Reached skill level 13 in Throwing
 46248 | Vaults:1 | Reached skill level 13 in Stealth
 46248 | Vaults:1 | Reached skill level 13 in Shields
 46248 | Vaults:1 | Reached skill level 13 in Unarmed Combat
 46248 | Vaults:1 | Reached skill level 13 in Evocations
 46782 | Vaults:1 | Found Idoceble's Magic Scroll Boutique.
 46892 | Vaults:1 | Bought a scroll of blinking for 75 gold pieces
 46892 | Vaults:1 | Bought a scroll of magic mapping for 35 gold pieces
 46892 | Vaults:1 | Bought a scroll of teleportation for 30 gold pieces
 46892 | Vaults:1 | Bought a scroll of teleportation for 30 gold pieces
 46892 | Vaults:1 | Bought a scroll of enchant armour for 75 gold pieces
 47852 | Vaults:2 | Found Ephanola's Jewellery Boutique.
 47870 | Vaults:2 | Reached skill level 14 in Spellcasting
 47990 | Vaults:2 | Reached skill level 14 in Fighting
 47990 | Vaults:2 | Reached skill level 14 in Polearms
 47990 | Vaults:2 | Reached skill level 14 in Dodging
 48108 | Vaults:2 | Found a staircase to the Crypt.
 48654 | Vaults:2 | Noticed Bai Suzhen
 48657 | Vaults:2 | Reached XP level 21. HP: 128/165 MP: 39/39
 48677 | Vaults:2 | Killed Bai Suzhen
 48689 | Vaults:2 | Noticed Frederick
 48702 | Vaults:2 | Killed Frederick
 49513 | Vaults:2 | Reached skill level 14 in Armour
 50461 | Vaults:3 | Reached skill level 15 in Invocations
 50465 | Vaults:3 | Reached skill level 12 in Conjurations
 50465 | Vaults:3 | Reached skill level 12 in Hexes
 50465 | Vaults:3 | Reached skill level 13 in Charms
 50465 | Vaults:3 | Reached skill level 12 in Summonings
 50465 | Vaults:3 | Reached skill level 12 in Necromancy
 50465 | Vaults:3 | Reached skill level 12 in Translocations
 50465 | Vaults:3 | Reached skill level 12 in Transmutations
 50465 | Vaults:3 | Reached skill level 12 in Fire Magic
 50465 | Vaults:3 | Reached skill level 12 in Ice Magic
 50465 | Vaults:3 | Reached skill level 12 in Air Magic
 50465 | Vaults:3 | Reached skill level 12 in Earth Magic
 50465 | Vaults:3 | Reached skill level 12 in Poison Magic
 50674 | Vaults:3 | Reached skill level 14 in Short Blades
 50674 | Vaults:3 | Reached skill level 14 in Long Blades
 50674 | Vaults:3 | Reached skill level 14 in Maces & Flails
 50674 | Vaults:3 | Reached skill level 14 in Staves
 50674 | Vaults:3 | Reached skill level 14 in Slings
 50674 | Vaults:3 | Reached skill level 14 in Bows
 50674 | Vaults:3 | Reached skill level 14 in Crossbows
 50674 | Vaults:3 | Reached skill level 14 in Throwing
 50674 | Vaults:3 | Reached skill level 14 in Stealth
 50674 | Vaults:3 | Reached skill level 14 in Shields
 50674 | Vaults:3 | Reached skill level 14 in Unarmed Combat
 50674 | Vaults:3 | Reached skill level 14 in Evocations
 51117 | Vaults:3 | Reached skill level 17 in Axes
 51117 | Vaults:3 | Reached XP level 22. HP: 173/173 MP: 40/40
 52119 | Vaults:4 | Reached skill level 15 in Spellcasting
 52927 | Vaults:4 | Reached skill level 15 in Fighting
 52927 | Vaults:4 | Reached skill level 15 in Polearms
 52927 | Vaults:4 | Reached skill level 15 in Dodging
 54409 | Elf:3    | Entered Level 3 of the Elven Halls
 55108 | Elf:3    | Identified the ring "Waoris" {*Tele rN+++ Str-4 Int+5
                  | Slay-3}
 55342 | Elf:3    | Reached XP level 23. HP: 181/181 MP: 42/42
 55489 | Elf:3    | Noticed a golden dragon
 55489 | Elf:3    | a quicksilver dragon changed into a golden dragon
 55495 | Elf:3    | a golden dragon changed into an iron troll
 55825 | Elf:3    | Identified the amulet "Igodeg" {Reflect rF- rC+ MR++ SH+5}
 56004 | Elf:3    | Identified the +10 shortbow "Ebysoi" {vorpal, Int-4 Dex+7}
 56004 | Elf:3    | Identified the +10 chain mail of Spite {Harm rF- MP+9
                  | Stlth+}
 56023 | Elf:3    | Identified the +1 gold dragon scales "Burphatoet" {rPois
                  | rF+ rC+ MR+ Regen+} (You found it on level 3 of the Elven
                  | Halls)
 56078 | Elf:3    | Found the amulet of the Air {Inacc +Fly rElec EV+5 RMsl}
 56080 | Elf:3    | Identified the Reference Book on Aerial Protection
 56087 | Elf:3    | Identified the +0 pair of boots of Imperfection {-Cast
                  | Dex+6} (You found it on level 3 of the Elven Halls)
 56365 | D:15     | Bought a +1 pair of gloves of strength for 313 gold pieces
 56828 | Depths:1 | Entered Level 1 of the Depths
 56887 | Depths:1 | Reached skill level 15 in Armour
 56959 | Depths:1 | Reached skill level 16 in Invocations
 57278 | Depths:1 | Noticed the Enchantress
 57298 | Depths:1 | Killed the Enchantress
 57561 | Depths:1 | Reached skill level 15 in Short Blades
 57561 | Depths:1 | Reached skill level 15 in Long Blades
 57561 | Depths:1 | Reached skill level 15 in Maces & Flails
 57561 | Depths:1 | Reached skill level 15 in Staves
 57561 | Depths:1 | Reached skill level 15 in Slings
 57561 | Depths:1 | Reached skill level 15 in Bows
 57561 | Depths:1 | Reached skill level 15 in Crossbows
 57561 | Depths:1 | Reached skill level 15 in Throwing
 57561 | Depths:1 | Reached skill level 15 in Stealth
 57561 | Depths:1 | Reached skill level 15 in Shields
 57561 | Depths:1 | Reached skill level 15 in Unarmed Combat
 57561 | Depths:1 | Reached skill level 15 in Evocations
 57627 | Depths:1 | Noticed Nikola
 57639 | Depths:1 | Killed Nikola
 57779 | Depths:1 | Found a one-way gate to the infinite horrors of the Abyss.
 57865 | Depths:1 | Found a one-way gate leading to the halls of Pandemonium.
 58046 | Depths:1 | Found a shattered altar of Ashenzari.
 58132 | Depths:1 | Found a gateway to Hell.
 58610 | Depths:2 | Reached skill level 13 in Conjurations
 58610 | Depths:2 | Reached skill level 13 in Hexes
 58610 | Depths:2 | Reached skill level 13 in Summonings
 58610 | Depths:2 | Reached skill level 13 in Necromancy
 58610 | Depths:2 | Reached skill level 13 in Translocations
 58610 | Depths:2 | Reached skill level 13 in Transmutations
 58610 | Depths:2 | Reached skill level 13 in Fire Magic
 58610 | Depths:2 | Reached skill level 13 in Ice Magic
 58610 | Depths:2 | Reached skill level 13 in Air Magic
 58610 | Depths:2 | Reached skill level 13 in Earth Magic
 58610 | Depths:2 | Reached skill level 13 in Poison Magic
 58715 | Depths:2 | Noticed Sojobo
 58732 | Depths:2 | Killed Sojobo
 58918 | Depths:2 | Reached skill level 14 in Charms
 59125 | Depths:2 | Reached XP level 24. HP: 190/190 MP: 42/42
 59656 | Depths:2 | Reached skill level 16 in Spellcasting
 59662 | Depths:2 | Reached skill level 18 in Axes
 59708 | Depths:2 | Identified the +1 ice dragon scales "Ettotzaj" {rElec rF-
                  | rC++}
 60132 | Depths:3 | Reached skill level 16 in Fighting
 60132 | Depths:3 | Reached skill level 16 in Polearms
 60132 | Depths:3 | Reached skill level 16 in Dodging
 60206 | Depths:3 | Noticed a caustic shrike
 60224 | Depths:3 | Killed a caustic shrike
 60282 | Depths:3 | Noticed a juggernaut
 60297 | Depths:3 | Killed a juggernaut
 60336 | Depths:3 | Noticed a caustic shrike
 60337 | Depths:3 | Noticed a caustic shrike
 60338 | Depths:3 | Noticed a caustic shrike
 60343 | Depths:3 | Noticed a caustic shrike
 60345 | Depths:3 | Killed a caustic shrike
 60350 | Depths:3 | Killed a caustic shrike
 60354 | Depths:3 | Killed a caustic shrike
 60360 | Depths:3 | Killed a caustic shrike
 60360 | Depths:3 | Reached skill level 17 in Invocations
 60368 | Depths:3 | Noticed a caustic shrike
 60380 | Depths:3 | Killed a caustic shrike
 60744 | Depths:3 | Reached skill level 16 in Armour
 60828 | Depths:3 | Reached XP level 25. HP: 197/197 MP: 43/43
 61118 | Depths:3 | Found a gateway to a ziggurat.
 61603 | Depths:4 | Noticed Boris
 61627 | Depths:3 | Killed Boris
 61956 | Depths:4 | Reached skill level 16 in Short Blades
 61956 | Depths:4 | Reached skill level 16 in Long Blades
 61956 | Depths:4 | Reached skill level 16 in Maces & Flails
 61956 | Depths:4 | Reached skill level 16 in Staves
 61956 | Depths:4 | Reached skill level 16 in Slings
 61956 | Depths:4 | Reached skill level 16 in Bows
 61956 | Depths:4 | Reached skill level 16 in Crossbows
 61956 | Depths:4 | Reached skill level 16 in Throwing
 61956 | Depths:4 | Reached skill level 16 in Stealth
 61956 | Depths:4 | Reached skill level 16 in Shields
 61956 | Depths:4 | Reached skill level 16 in Unarmed Combat
 61956 | Depths:4 | Reached skill level 16 in Evocations
 63268 | Depths:4 | Noticed Saint Roka
 63284 | Depths:4 | Killed Saint Roka
 63693 | Depths:4 | Found the +8 Wrath of Trog {antimagic, *Rage}
 63820 | Depths:4 | Reached skill level 14 in Conjurations
 63820 | Depths:4 | Reached skill level 14 in Hexes
 63820 | Depths:4 | Reached skill level 14 in Summonings
 63820 | Depths:4 | Reached skill level 14 in Necromancy
 63820 | Depths:4 | Reached skill level 14 in Translocations
 63820 | Depths:4 | Reached skill level 14 in Transmutations
 63820 | Depths:4 | Reached skill level 14 in Fire Magic
 63820 | Depths:4 | Reached skill level 14 in Ice Magic
 63820 | Depths:4 | Reached skill level 14 in Air Magic
 63820 | Depths:4 | Reached skill level 14 in Earth Magic
 63820 | Depths:4 | Reached skill level 14 in Poison Magic
 64199 | Depths:5 | Entered Level 5 of the Depths
 64621 | Depths:5 | Found Ziuthrap's General Store.
 64629 | Depths:5 | Bought a potion of haste for 130 gold pieces
 64629 | Depths:5 | Bought a potion of might for 52 gold pieces
 64629 | Depths:5 | Bought 7 curare-tipped darts for 54 gold pieces
 64629 | Depths:5 | Bought a scroll of teleportation for 39 gold pieces
 64967 | Depths:5 | Found Tazor's Food Shoppe.
 65112 | Depths:5 | Reached XP level 26. HP: 206/207 MP: 43/43
 65187 | Depths:5 | Reached skill level 17 in Spellcasting
 65267 | Depths:5 | Reached skill level 15 in Charms
 65554 | Depths:5 | Found a gate to the Realm of Zot.
 65703 | Depths:5 | Found a gateway to a bazaar.
 65732 | Depths:5 | Found Vewuroh's Magic Scroll Shop.
 65736 | Depths:5 | Bought a scroll of teleportation for 66 gold pieces
 65736 | Depths:5 | Bought a scroll of teleportation for 66 gold pieces
 65896 | Bazaar   | Entered a bazaar
 65896 | Bazaar   | Found Jocac's Magic Scroll Shoppe.
 65896 | Bazaar   | Found Aplureil's Jewellery Boutique.
 65896 | Bazaar   | Found Kogenluv's Gadget Shoppe.
 65896 | Bazaar   | Found Ynwe's Antique Weapon Shop.
 65898 | Bazaar   | Found Koaxueli's Distillery.
 65898 | Bazaar   | Found Hikh's Jewellery Shop.
 65925 | Bazaar   | Bought the ring "Yfukalutt" {+Blink rPois rF+ MR+} for 652
                  | gold pieces
 65932 | Bazaar   | Bought a potion of might for 56 gold pieces
 65932 | Bazaar   | Bought a potion of heal wounds for 70 gold pieces
 65932 | Bazaar   | Bought a potion of curing for 42 gold pieces
 65932 | Bazaar   | Bought a potion of curing for 42 gold pieces
 65932 | Bazaar   | Bought a potion of curing for 42 gold pieces
 65932 | Bazaar   | Bought a potion of mutation for 112 gold pieces
 65932 | Bazaar   | Bought a potion of might for 56 gold pieces
 65932 | Bazaar   | Bought a potion of mutation for 112 gold pieces
 65935 | Bazaar   | Bought a wand of clouds (7) for 396 gold pieces
 65935 | Bazaar   | Bought a wand of paralysis (3) for 60 gold pieces
 65938 | Bazaar   | Bought a scroll of fog for 32 gold pieces
 65938 | Bazaar   | Bought a scroll of fog for 32 gold pieces
 65938 | Bazaar   | Bought a scroll of vulnerability for 120 gold pieces
 65938 | Bazaar   | Bought a scroll of vulnerability for 120 gold pieces
 65938 | Bazaar   | Bought a scroll of teleportation for 48 gold pieces
 65938 | Bazaar   | Bought a scroll of silence for 120 gold pieces
 65938 | Bazaar   | Bought a scroll of teleportation for 48 gold pieces
 66265 | Vaults:5 | Entered Level 5 of the Vaults
 66276 | Vaults:5 | Reached skill level 17 in Fighting
 66276 | Vaults:5 | Reached skill level 17 in Polearms
 66276 | Vaults:5 | Reached skill level 17 in Dodging
 66283 | Vaults:5 | Reached skill level 19 in Axes
 66285 | Vaults:5 | Noticed Margery
 66293 | Vaults:5 | Reached skill level 18 in Invocations
 66710 | Vaults:5 | Reached skill level 17 in Armour
 66711 | Vaults:5 | Noticed an ancient lich
 66713 | Vaults:5 | Noticed Boris
 67008 | Vaults:5 | Killed an ancient lich
 67008 | Vaults:5 | Reached skill level 17 in Short Blades
 67008 | Vaults:5 | Reached skill level 17 in Long Blades
 67008 | Vaults:5 | Reached skill level 17 in Maces & Flails
 67008 | Vaults:5 | Reached skill level 17 in Staves
 67008 | Vaults:5 | Reached skill level 17 in Slings
 67008 | Vaults:5 | Reached skill level 17 in Bows
 67008 | Vaults:5 | Reached skill level 17 in Crossbows
 67008 | Vaults:5 | Reached skill level 17 in Throwing
 67008 | Vaults:5 | Reached skill level 17 in Stealth
 67008 | Vaults:5 | Reached skill level 17 in Shields
 67008 | Vaults:5 | Reached skill level 17 in Unarmed Combat
 67008 | Vaults:5 | Reached skill level 17 in Evocations
 67008 | Vaults:5 | Reached XP level 27. HP: 201/215 MP: 44/44
 67015 | Vaults:4 | Killed Boris
 67136 | Vaults:5 | Killed Margery
 67555 | Vaults:5 | Got a silver rune of Zot
 67793 | Vaults:5 | Identified the cursed +0 hand crossbow of Light {penet,
                  | rC++}
 68190 | Vaults:5 | Learned a level 3 spell: Lesser Beckoning
 68193 | Vaults:5 | Learned a level 2 spell: Swiftness
 68197 | Vaults:5 | Learned a level 3 spell: Gell's Gravitas
 68580 | Zot:1    | Entered Level 1 of the Realm of Zot
 70196 | Zot:2    | Reached skill level 15 in Conjurations
 70196 | Zot:2    | Reached skill level 15 in Hexes
 70196 | Zot:2    | Reached skill level 15 in Summonings
 70196 | Zot:2    | Reached skill level 15 in Necromancy
 70196 | Zot:2    | Reached skill level 15 in Translocations
 70196 | Zot:2    | Reached skill level 15 in Transmutations
 70196 | Zot:2    | Reached skill level 15 in Fire Magic
 70196 | Zot:2    | Reached skill level 15 in Ice Magic
 70196 | Zot:2    | Reached skill level 15 in Air Magic
 70196 | Zot:2    | Reached skill level 15 in Earth Magic
 70196 | Zot:2    | Reached skill level 15 in Poison Magic
 70581 | Zot:2    | Reached skill level 18 in Spellcasting
 71252 | Zot:2    | Reached skill level 18 in Fighting
 71252 | Zot:2    | Reached skill level 18 in Polearms
 71252 | Zot:2    | Reached skill level 18 in Dodging
 71763 | Zot:3    | Reached skill level 19 in Invocations
 72489 | Zot:4    | Reached skill level 16 in Charms
 72697 | Zot:4    | Noticed an orb of fire
 72717 | Zot:4    | Gained mutation: You are weak. (Str -2) [an orb of fire]
 72724 | Zot:4    | Killed an orb of fire
 72759 | Zot:4    | Reached skill level 18 in Armour
 72876 | Zot:4    | Reached skill level 20 in Axes
 72897 | Zot:4    | Noticed an orb of fire
 72912 | Zot:4    | Killed an orb of fire
 73232 | Zot:4    | Reached skill level 18 in Short Blades
 73232 | Zot:4    | Reached skill level 18 in Long Blades
 73232 | Zot:4    | Reached skill level 18 in Maces & Flails
 73232 | Zot:4    | Reached skill level 18 in Staves
 73232 | Zot:4    | Reached skill level 18 in Slings
 73232 | Zot:4    | Reached skill level 18 in Bows
 73232 | Zot:4    | Reached skill level 18 in Crossbows
 73232 | Zot:4    | Reached skill level 18 in Throwing
 73232 | Zot:4    | Reached skill level 18 in Stealth
 73232 | Zot:4    | Reached skill level 18 in Shields
 73232 | Zot:4    | Reached skill level 18 in Unarmed Combat
 73232 | Zot:4    | Reached skill level 18 in Evocations
 74050 | Zot:5    | Entered Level 5 of the Realm of Zot
 74535 | Zot:5    | Noticed an orb of fire
 74556 | Zot:5    | Killed an orb of fire
 75247 | Zot:5    | Noticed an ancient lich
 75264 | Zot:5    | Killed an ancient lich
 75921 | Zot:5    | Noticed an ancient lich
 75936 | Zot:5    | Killed an ancient lich
 75950 | Zot:5    | Noticed an ancient lich
 75961 | Zot:5    | Killed an ancient lich
 75975 | Zot:5    | Noticed an orb of fire
 75976 | Zot:5    | Lost mutation: You are weak. (Str -2) [an orb of fire]
 75977 | Zot:5    | Gained mutation: Armour fits poorly on your strangely
                  | shaped body. [an orb of fire]
 75980 | Zot:5    | Gained mutation: You are dopey. (Int -2) [an orb of fire]
 75983 | Zot:5    | Gained mutation: Scrolls take you a little longer to read.
                  | [an orb of fire]
 75985 | Zot:5    | Gained mutation: You are very dopey. (Int -4) [an orb of
                  | fire]
 75992 | Zot:5    | Killed an orb of fire
 76248 | Zot:5    | Noticed an ancient lich
 76248 | Zot:5    | Noticed an ancient lich
 76248 | Zot:5    | Noticed an ancient lich
 76250 | Zot:5    | Noticed an ancient lich
 76251 | Zot:5    | Noticed an ancient lich
 76261 | Zot:5    | Killed an ancient lich
 76266 | Zot:5    | Killed an ancient lich
 76266 | Zot:5    | Reached skill level 19 in Spellcasting
 76271 | Zot:5    | Killed an ancient lich
 76271 | Zot:5    | Reached skill level 16 in Conjurations
 76271 | Zot:5    | Reached skill level 16 in Hexes
 76271 | Zot:5    | Reached skill level 16 in Summonings
 76271 | Zot:5    | Reached skill level 16 in Necromancy
 76271 | Zot:5    | Reached skill level 16 in Translocations
 76271 | Zot:5    | Reached skill level 16 in Transmutations
 76271 | Zot:5    | Reached skill level 16 in Fire Magic
 76271 | Zot:5    | Reached skill level 16 in Ice Magic
 76271 | Zot:5    | Reached skill level 16 in Air Magic
 76271 | Zot:5    | Reached skill level 16 in Earth Magic
 76271 | Zot:5    | Reached skill level 16 in Poison Magic
 76271 | Zot:5    | Killed an ancient lich
 76281 | Zot:5    | Killed an ancient lich
 76281 | Zot:5    | Reached skill level 19 in Fighting
 76281 | Zot:5    | Reached skill level 19 in Polearms
 76281 | Zot:5    | Reached skill level 19 in Dodging
 76452 | Zot:5    | Noticed an orb of fire
 76457 | Zot:5    | Reached skill level 20 in Invocations
 76459 | Zot:5    | Gained mutation: Scrolls take you longer to read. [an orb
                  | of fire]
 76475 | Zot:5    | Gained mutation: You have large cloven feet. [an orb of
                  | fire]
 76486 | Zot:5    | Gained mutation: Your spells are a little easier to cast,
                  | but a little less powerful. [an orb of fire]
 76494 | Zot:5    | Gained mutation: You are weak. (Str -2) [an orb of fire]
 76498 | Zot:5    | Noticed an ancient lich
 76499 | Zot:5    | Killed an orb of fire
 76511 | Zot:5    | Killed an ancient lich
 76756 | Zot:5    | Noticed an ancient lich
 76785 | Zot:5    | Killed an ancient lich
 76878 | Zot:5    | Reached skill level 19 in Armour
 77196 | Zot:5    | Noticed an ancient lich
 77211 | Zot:5    | Killed an ancient lich
 77211 | Zot:5    | Reached skill level 17 in Charms
 77521 | Zot:5    | Got the Orb of Zot
 77711 | Depths:4 | Reached skill level 19 in Short Blades
 77711 | Depths:4 | Reached skill level 19 in Long Blades
 77711 | Depths:4 | Reached skill level 19 in Maces & Flails
 77711 | Depths:4 | Reached skill level 19 in Staves
 77711 | Depths:4 | Reached skill level 19 in Slings
 77711 | Depths:4 | Reached skill level 19 in Bows
 77711 | Depths:4 | Reached skill level 19 in Crossbows
 77711 | Depths:4 | Reached skill level 19 in Throwing
 77711 | Depths:4 | Reached skill level 19 in Stealth
 77711 | Depths:4 | Reached skill level 19 in Shields
 77711 | Depths:4 | Reached skill level 19 in Unarmed Combat
 77711 | Depths:4 | Reached skill level 19 in Evocations
 78099 | D:$      | Escaped with the Orb!

Illustrated notes

Levels and vault maps discovered:
D:1:      ldierk_walled_garden, layout_loops_ring
D:2:      layout_rooms, grunt_temple_overflow_open, first_ration,
          minmay_misc_feat_five
D:3:      layout_loops_cross, hangedman_ru_absence, corner_web_ring, uniq_robin
D:4:      layout_loops_ring, minmay_manual_monolith
D:5:      minmay_goblin_kobold_castle, layout_basic, grunt_ministairs_3
D:6:      old_forge, layout_rooms, basic_altar, cheibrodos_sewer_entry_drain
D:7:      layout_loops_ring, minmay_temple_entry_mist, basic_altar
D:8:      layout_cave_pods, grunt_dithmenos_smoke, enter_ossuary_1
D:9:      layout_loops_cross, lemuel_doored_altar, erik_lair_orcish_takeover
D:10:     layout_roguey, serial_shops, kennysheep_mini_moat
D:11:     layout_roguey, serial_shops, nicolae_shop_overgrown_old_shop,
          uniq_maurice
D:12:     layout_basic, orc_0_dummy
D:13:     layout_rooms, david_vaults_4, portal_ice_cave_entry_imps
D:14:     layout_irregular_city, serial_co_window_serial, co_window_paths_a,
          co_window_paths_a, co_window_of_opportunity_a, co_window_paths_b,
          co_window_of_opportunity_a, co_window_paths_a, co_window_paths_a,
          co_window_corner_cb, co_window_cross_2, co_window_cross_3,
          co_window_unsneaky_path_a, co_window_broadway_c, co_window_corner_ca,
          glass_columns_a, glass_columns_a, glass_columns_a, glass_columns_b,
          grunt_pizzeria, hangedman_decor_diamond_cutter, glass_columns_c
D:15:     gammafunk_enter_depths_forms, layout_loops_ring, enter_trove_2,
          serial_shops, nicolae_shop_statue_plus, muffindrake_ghost_dual_entry,
          abandoned_shop, uniq_agnes
Lair:1:   layout_roguey, ebering_ghost_inner_flame, tgw_fedhas
Lair:2:   layout_long_grid, infiniplex_staircase_pool, grunt_megastairs_2
Lair:3:   layout_misc_corridors, minmay_snake_entry_guardpost_medium,
          minivault_27
Lair:4:   layout_roguey, swamp_mist
Lair:5:   minmay_guarded_unrand_snakebite, layout_concentric_octagons,
          dpeg_slime_entry_corner, gammafunk_ghost_split, lemuel_fruit_tree
Lair:6:   evilmike_catoblepas_cave, layout_gridlike
Swamp:1:  layout_falls_marsh, evilmike_swamp_ruin_rubble_1
Swamp:2:  layout_falls_marsh, hangedman_swamp_lotus, swamp_pool2, uniq_aizul
Swamp:3:  layout_basic_swamp, serial_swamp_ruin, evilmike_swamp_ruin_house_5,
          evilmike_swamp_ruin_house_1, uniq_mara
Swamp:4:  byrel_swamp_growth_death_and_undeath, layout_basic_swamp, uniq_donald,
          uniq_louise
Snake:1:  layout_layer_cave, uniq_azrael
Snake:2:  layout_onion, basic_altar
Snake:3:  layout_rooms, nrook_guardian_serpent_ordinary
Snake:4:  grunt_snake_rune_serpentine_throne, layout_cave_town
Orc:1:    layout_caves, basic_altar, gammafunk_ghost_fury_of_okawaru
Orc:2:    grunt_orc_community_town_hall, layout_diamond_mine,
          grunt_orc_community_big_house_1, grunt_orc_community_big_house_1,
          grunt_orc_community_house_1, grunt_orc_community_house_3,
          grunt_orc_community_house_1, grunt_orc_community_house_2,
          grunt_orc_community_house_3, serial_shops, nicolae_shop_behind_doors
Elf:1:    eino_elf_arrival_altar, layout_loops_ring, orc_legates,
          minmay_shop_star
Elf:2:    layout_geoelf_octagon
Elf:3:    minmay_elf_hall_furrowed, layout_rooms
Vaults:1: hangedman_vaults_slither, nicolae_vaults_little_squares_4,
          vaults_room_hallway, v_misc_10, v_alt_pattern_1,
          vaults_room_hangedman_quadrants, nicolae_vaults_theta, v_misc_29,
          nicolae_vaults_mini_display_case, nicolae_vaults_specimen_jars,
          v_misc_3, layout_vaults_quadrants, serial_shops,
          nicolae_shop_waterfront
Vaults:2: hangedman_vaults_trim, nicolae_vaults_border_crossing,
          vaults_room_fancy_cross, nicolae_vaults_bisected_slash,
          vaults_mumra_hexcomb, nicolae_vaults_what_the_h,
          blue_anna_dwarven_crypt, ontoclasm_vaults_pinch,
          nicolae_vaults_big_angled_halls, v_alt_pattern_3, v_rooms_2,
          dpeg_vaults_pockets_of_resistance, v_misc_26,
          nicolae_vaults_hallways_thing, v_misc_8,
          nicolae_vaults_little_squares_4, v_misc_23, layout_vaults_maze,
          serial_shops, shop_fountains, uniq_frederick, uniq_bai_suzhen
Vaults:3: hangedman_vaults_stitches, nicolae_vaults_c_with_doors,
          hangedman_vaults_river_flow, nicolae_vaults_little_squares_6,
          ontoclasm_vaults_decontamination, v_misc_27, vaults_mumra_lcd,
          layout_vaults_chaotic_city, serial_glass
Vaults:4: vaults_dpeg_ring, vaults_dpeg_diagonal,
          ontoclasm_vaults_claustrophobia, nicolae_vaults_network_quinsquares
          [nicolae_vaults_network_quincunx_subvault,
          nicolae_vaults_network_quincunx_subvault,
          nicolae_vaults_network_quincunx_subvault,
          nicolae_vaults_network_quincunx_subvault], vaults_room_corners,
          v_misc_27, hangedman_vaults_slice, nicolae_vaults_statue_guard,
          v_misc_9, ontoclasm_vaults_chip, nicolae_vaults_little_squares_3,
          vaults_dpeg_spiral, layout_vaults_omnicross
Vaults:5: uniq_margery
Depths:1: nooodl_glass_maze, layout_gridlike, hell_entry,
          rand_demon_pan_entry_1, chequers_big_river,
          nicolae_abyss_entry_one_way_or_another, ashenzari_altar_1,
          uniq_nikola, uniq_enchantress
Depths:2: hangedman_six_sided_sadism, layout_basic, rand_demon_pan_entry_3,
          serial_bayou_shore_b, hell_entry, uniq_sojobo
Depths:3: minmay_the_grid_triangle_9x9_rhombus_full_mashed
          [minmay_the_grid_triangle_9x9_semitri,
          minmay_the_grid_triangle_9x9_pentomino_pain,
          minmay_the_grid_triangle_9x9_empty,
          minmay_the_grid_triangle_9x9_checkered,
          minmay_the_grid_triangle_9x9_steps,
          minmay_the_grid_triangle_9x9_empty,
          minmay_the_grid_triangle_9x9_corrupted_corridor,
          minmay_the_grid_triangle_9x9_prize_top_heavy], layout_honeycomb,
          enter_ziggurat_a, hell_entry, minmay_misc_feat_more_columns,
          mu_enter_wizlab_7, pan_entry, chequers_serial_rivers_small_3,
          chequers_serial_rivers_small_b, minmay_staircase_windowed_large,
          firewood_loft
Depths:4: grunt_house_of_mirrors, layout_basic, hangedman_geh_valley,
          abyss_entry_crystal, serial_bayou_pond_e,
          minmay_guarded_unrand_wrath_of_trog, roderic_lattice_octagonal_star,
          uniq_boris, uniq_saint_roka
Depths:5: grunt_zot_entry_hairpin, layout_basic, grunt_pan_entry_spiral,
          serial_shops, bzr_entry_safe, shop, nicolae_shop_crystal, shop,
          hell_entry, skrybe_limestone_x
Zot:1:    layout_basic, drop_trap, grunt_megastairs_3
Zot:2:    layout_gridlike
Zot:3:    layout_cellular_growth, lemuel_elevator
Zot:4:    layout_onion, zot_minivault_1
Zot:5:    layout_gridlike

Skill      XL: |  1  2  3  4  5  6  7  8  9 10 11 12 13 14 15 16 17 18 19 20 21 22 23 24 25 26 27 |
---------------+----------------------------------------------------------------------------------+-----
Spellcasting   | 5 6 7 8 9 10 11 12 13 14 15 16 17 19 | 19.4
Invocations    | 1 2 3 4 5 6 7 8 9 10 11 12 13 14 15 16 17 18 20 | 20.4
Short Blades   | 1 2 3 4 5 6 7 8 9 10 11 12 13 14 15 16 17 19 | 19.0
Long Blades    | 1 2 3 4 5 6 7 8 9 10 11 12 13 14 15 16 17 19 | 19.0
Axes           | 1 2 3 5 6 8 9 10 11 12 13 14 15 16 17 18 19 20 | 20.9
Maces & Flails | 1 2 3 4 5 6 7 8 9 10 11 12 13 14 15 16 17 19 | 19.0
Staves         | 1 2 3 4 5 6 7 8 9 10 11 12 13 14 15 16 17 19 | 19.0
Slings         | 1 2 3 4 5 6 7 8 9 10 11 12 13 14 15 16 17 19 | 19.0
Bows           | 1 2 3 4 5 6 7 8 9 10 11 12 13 14 15 16 17 19 | 19.0
Crossbows      | 1 2 3 4 5 6 7 8 9 10 11 12 13 14 15 16 17 19 | 19.0
Throwing       | 1 2 3 4 5 6 7 8 9 10 11 12 13 14 15 16 17 19 | 19.0
Stealth        | 1 2 3 4 5 6 7 8 9 10 11 12 13 14 15 16 17 19 | 19.0
Shields        | 1 2 3 4 5 6 7 8 9 10 11 12 13 14 15 16 17 19 | 19.0
Unarmed Combat | 1 2 3 4 5 6 7 8 9 10 11 12 13 14 15 16 17 19 | 19.0
Evocations     | 1 2 3 4 5 6 7 8 9 10 11 12 13 14 15 16 17 19 | 19.0
Conjurations   | 1 2 3 4 5 6 7 8 9 10 11 12 13 14 16 | 16.4
Hexes          | 1 2 3 4 5 6 7 8 9 10 11 12 13 14 16 | 16.4
Summonings     | 1 2 3 4 5 6 7 8 9 10 11 12 13 14 16 | 16.4
Necromancy     | 1 2 3 4 5 6 7 8 9 10 11 12 13 14 16 | 16.4
Translocations | 1 2 3 4 5 6 7 8 9 10 11 12 13 14 16 | 16.4
Transmutations | 1 2 3 4 5 6 7 8 9 10 11 12 13 14 16 | 16.4
Fire Magic     | 1 2 3 4 5 6 7 8 9 10 11 12 13 14 16 | 16.4
Ice Magic      | 1 2 3 4 5 6 7 8 9 10 11 12 13 14 16 | 16.4
Air Magic      | 1 2 3 4 5 6 7 8 9 10 11 12 13 14 16 | 16.4
Earth Magic    | 1 2 3 4 5 6 7 8 9 10 11 12 13 14 16 | 16.4
Poison Magic   | 1 2 3 4 5 6 7 8 9 10 11 12 13 14 16 | 16.4
Armour         | 3 4 5 6 7 8 9 10 11 12 13 14 15 16 17 19 | 19.1
Fighting       | 5 6 7 8 9 10 11 12 13 14 15 16 17 19 | 19.4
Polearms       | 5 6 7 8 9 10 11 12 13 14 15 16 17 19 | 19.4
Dodging        | 5 6 7 8 9 10 11 12 13 14 15 16 17 19 | 19.4
Charms         | 6 7 8 9 10 11 12 13 14 15 17 | 17.1

Action                   |  1- 3 |  4- 6 |  7- 9 | 10-12 | 13-15 | 16-18 | 19-21 | 22-24 | 25-27 || total
-------------------------+-------+-------+-------+-------+-------+-------+-------+-------+-------++-------
Melee: Spear             |   100 |    95 |   146 |       |       |       |       |       |       ||   341
       Bite              |     9 |     6 |    20 |    27 |    84 |   176 |   140 |   177 |   354 ||   993
       Punch             |       |       |     2 |     2 |       |       |       |       |       ||     4
       Double sword      |       |       |    79 |   260 |   629 |  1216 |  1221 |  1246 |  2242 ||  6893
       Whip              |       |       |       |       |    55 |    67 |       |       |       ||   122
       Eveningstar       |       |       |       |       |       |    43 |    12 |       |     5 ||    60
 Fire: Hunting sling     |    17 |    19 |   151 |       |       |       |       |       |       ||   187
Throw: Stone             |     6 |       |       |       |       |       |       |       |       ||     6
       Dart              |       |     1 |     5 |       |     5 |     3 |     2 |     5 |       ||    21
       Throwing net      |       |       |       |       |       |       |       |       |     5 ||     5
 Cast: Infusion          |    10 |     5 |     5 |       |       |     1 |       |       |       ||    21
       Song of Slaying   |     2 |     1 |     2 |     5 |     1 |       |    21 |    18 |    24 ||    74
       Ozocubu's Armour  |     1 |       |     1 |       |       |       |       |       |       ||     2
       Spectral Weapon   |       |     1 |       |       |       |       |       |       |       ||     1
       Frozen Ramparts   |       |       |       |    34 |    25 |     5 |       |    11 |     4 ||    79
       Sticks to Snakes  |       |       |       |       |       |     3 |       |       |       ||     3
       Blink             |       |       |       |       |       |     3 |       |       |       ||     3
       Passwall          |       |       |       |       |       |       |       |       |     2 ||     2
Invok: Upheaval          |       |       |       |     6 |    15 |    40 |    19 |     8 |    19 ||   107
       Elemental Force   |       |       |       |       |     3 |       |     1 |       |       ||     4
       Disaster Area     |       |       |       |       |       |       |       |     1 |     4 ||     5
 Abil: Evoke Blink       |       |       |       |       |       |       |       |       |     4 ||     4
Evoke: Wand              |       |       |       |     3 |     5 |    18 |     1 |     4 |    51 ||    82
       Lightning rod     |       |       |       |       |     7 |    14 |    12 |       |       ||    33
       Phial of floods   |       |       |       |       |       |     2 |     1 |     2 |       ||     5
       Tin of tremorston |       |       |       |       |       |       |       |       |     9 ||     9
  Use: Scroll            |     2 |     4 |    16 |     7 |     8 |    19 |     7 |     3 |    15 ||    81
       Potion            |       |       |       |       |     1 |     2 |     1 |       |    16 ||    20
 Stab: Sleeping          |     3 |       |     7 |       |       |       |       |       |       ||    10
       Paralysed         |       |       |       |       |       |    13 |       |       |     7 ||    20
       Distracted        |       |       |       |       |       |       |     2 |     1 |       ||     3
       Held in net/web   |       |       |       |       |       |       |       |       |     4 ||     4
  Eat: Chunk             |     2 |     5 |     9 |    20 |    17 |    13 |    14 |    14 |     7 ||   101
       Ration            |       |       |     2 |       |     5 |    12 |     6 |     6 |    17 ||    48
Armor: Leather armour    |    24 |    13 |    46 |    23 |    54 |       |       |       |       ||   160
       Chain mail        |       |       |    18 |    38 |    59 |   327 |    19 |       |       ||   461
       Ring mail         |       |       |       |    17 |       |       |       |       |       ||    17
       Scale mail        |       |       |       |     3 |       |       |       |       |       ||     3
       Plate armour      |       |       |       |       |       |       |   150 |    81 |       ||   231
       Gold dragon scale |       |       |       |       |       |       |       |   181 |   550 ||   731
Dodge: Dodged            |    45 |    45 |   198 |   179 |   318 |   371 |   119 |   165 |   559 ||  1999
       Repelled          |       |       |       |       |     3 |    41 |    12 |    15 |    63 ||   134
Block: Other             |       |       |     2 |    14 |       |       |       |       |       ||    16
       Kite shield       |       |       |       |   109 |   507 |   316 |       |       |       ||   932
       Tower shield      |       |       |       |       |       |  1500 |  1417 |  1424 |  2735 ||  7076
       Rpst.: Double sword |       |       |    19 |    50 |    69 |    58 |    22 |    29 |    64 ||   311
